 Dungeon Crawl Stone Soup version 0.28-a0-1159-g27aa881441 (webtiles) character file.

Game seed: 3787671419667584101

480826 spiderkeys the Warrior (level 23, -8/192 HPs)
             Began as a Palentonga Abyssal Knight on Dec 15, 2021.
             Was a High Priest of Lugonu.
             Killed from afar by a deep elf sorcerer (41 damage)
             ... with damnation
             ... on level 3 of the Elven Halls on Dec 16, 2021.
             The game lasted 02:17:55 (48224 turns).

spiderkeys the Warrior (Palentonga Abyssal Knight) Turns: 48224, Time: 02:17:55

Health: -8/192     AC: 51    Str: 21    XL:     23   Next: 41%
Magic:  18/23      EV: 13    Int: 10    God:    Lugonu [*****.]
Gold:   6365       SH: 13    Dex: 12    Spells: 17/22 levels left

rFire   + + +      SeeInvis +   Z - +8 demon trident
rCold   + + .      Faith    .   E - +0 kite shield {reflect}
rNeg    + . .      Spirit   .   c - +6 acid dragon scales of Etajiugg {rElec rF+++ Will- rCorr Str-4}
rPois   +          Reflect  +   u - +2 helmet
rElec   +          Harm     .   r - +2 cloak {Will+}
rCorr   +          Rampage  .   Q - +2 pair of gloves "Dixzaor" {rC++ Regen+}
Will    +....      Rage     1%  K - +10 Black Knight's barding {ponderous, rPois rN+}
Stlth   +.........              g - amulet of regeneration
HPRegen 2.02/turn               O - +4 ring of protection
MPRegen 0.18/turn               Y - +4 ring of slaying

@: about to teleport, hasted, studying Throwing, invisible, curled up, very
quick
A: large, rugged brown scales 3, see invisible, deformed body, roll 1, armoured
tail, reflexive curl, hooves 1, poison resistance, MP-powered wands, [berserk
1], [clumsy 1], [deterioration 1], [frail 1], [low mp 2], [screaming 2],
[subdued magic 2]
}: 3/15 runes: barnacled, silver, gossamer
a: Rolling Charge, Renounce Religion, Depart the Abyss, Bend Space, Banish,
Corrupt, Enter the Abyss


You were on level 3 of the Elven Halls.
You worshipped Lugonu.
Lugonu was extremely pleased with you.
You visited 7 branches of the dungeon, and saw 39 of its levels.
You visited the Abyss 5 times.
You visited 1 bazaar.
You also visited: Bailey and Ice Cave.

You collected 8731 gold pieces.
You spent 2366 gold pieces at shops.


Innate Abilities, Weirdness & Mutations

You are completely covered in rugged brown scales. (AC +3, +7% HP)
You have supernaturally acute eyesight. (SInv)
Armour fits poorly on your strangely shaped body.
You can roll at nearby foes to attack.
You have a long armoured tail.
You curl defensively after being hit. (AC +7*)
You have large cloven feet.
Your system is resistant to poisons. (rPois)
You expend magic power (3 MP) to strengthen your wands.
[You tend to lose your temper in combat.]
[You are clumsy. (Dex -2)]
[Your body sometimes deteriorates upon taking damage.]
[You are frail. (-10% HP)]
[Your magical capacity is very low. (-20% MP)]
[You frequently scream uncontrollably at your foes.]
[Your spells are easier to cast, but less powerful.]


   Skills:
 + Level 20.5 Fighting
 - Level 2.0(14.3) Axes
 - Level 19.9(20.0) Polearms
 - Level 10.0 Armour
 + Level 14.7 Dodging
 - Level 15.0 Shields
 * Level 9.3 Translocations
 - Level 9.0 Invocations
 + Level 12.2 Evocations


You had 17 spell levels left.
You knew the following spells:

 Your Spells              Type           Power      Damage    Failure   Level
X - Manifold Assault      Tloc           11%        N/A       21%         5

Your spell library contained the following spells:

 Spells                   Type           Power      Damage    Failure   Level
 Gell's Gravitas          Tloc           11%        N/A       1%          3
 Lesser Beckoning         Tloc           11%        N/A       1%          3
 Teleport Other           Tloc           11%        N/A       1%          3
 Portal Projectile        Hex/Tloc       10%        N/A       16%         3
 Animate Skeleton         Necr           0%         N/A       34%         1
 Freeze                   Ice            0%         1d3       34%         1
 Pain                     Necr           0%         1d4       34%         1
 Slow                     Hex            0%         N/A       34%         1
 Summon Small Mammal      Summ           0%         N/A       34%         1
 Corpse Rot               Necr/Air       0%         N/A       47%         2
 Passwall                 Tmut/Erth      0%         N/A       47%         2
 Sublimation of Blood     Necr           0%         N/A       47%         2
 Wereblood                Tmut           0%         N/A       47%         2
 Iskenderun's Mystic Bla  Conj/Tloc      5%         2d3       47%         4
 Call Canine Familiar     Summ           0%         N/A       73%         3
 Confusing Touch          Hex            0%         N/A       73%         3
 Dazzling Flash           Conj/Hex       0%         N/A       73%         3
 Frozen Ramparts          Ice            0%         1d2       73%         3
 Ignite Poison            Fire/Tmut/Pois 0%         N/A       73%         3
 Inner Flame              Hex/Fire       0%         N/A       73%         3
 Ozocubu's Armour         Ice            0%         N/A       73%         3
 Stone Arrow              Conj/Erth      0%         3d7       73%         3
 Summon Guardian Golem    Hex/Summ       0%         N/A       73%         3
 Swiftness                Air            0%         N/A       73%         3
 Vampiric Draining        Necr           0%         2d6       73%         3
 Summon Forest            Summ/Tloc      2%         N/A       85%         5
 Animate Armour           Summ/Erth      0%         N/A       99%         4
 Fulminant Prism          Conj/Hex       0%         3d6       99%         4
 Hailstorm                Conj/Ice       0%         3d3       99%         4
 Leda's Liquefaction      Hex/Erth       0%         N/A       99%         4
 Summon Ice Beast         Ice/Summ       0%         N/A       99%         4
 Summon Lightning Spire   Summ/Air       0%         N/A       99%         4
 Blade Hands              Tmut           0%         N/A       100%        5
 Excruciating Wounds      Necr           0%         N/A       100%        5
 Lee's Rapid Deconstruct  Erth           0%         3d5*      100%        5
 Yara's Violent Unravell  Hex/Tmut       0%         3d3       100%        5
 Eringya's Noxious Bog    Tmut/Pois      0%         N/A       100%        6
 Starburst                Conj/Fire      0%         6d3       100%        6
 Statue Form              Tmut/Erth      0%         N/A       100%        6
 Orb of Destruction       Conj           0%         N/A       100%        7
 Ozocubu's Refrigeration  Ice            0%         4d5       100%        7
 Spellforged Servitor     Conj/Summ      0%         N/A       100%        7
 Summon Hydra             Summ           0%         N/A       100%        7
 Disjunction              Tloc           5%         N/A       100%        8
 Lehudib's Crystal Spear  Conj/Erth      0%         10d2      100%        8

Inventory:

Hand Weapons
 x - a +9 demon trident of distortion
   (You took it off Asterion on level 1 of the Elven Halls)
 C - the +11 glaive "Concordance" {vamp, rCorr Str+7 Stlth-}
   (You took it off a deep elf annihilator on level 3 of the Elven Halls)

   It occasionally heals its wielder for a portion of the damage dealt when it
   wounds a living foe.
   Str:       It affects your strength (+7).
   rCorr:     It protects you from acid and corrosion.
   Stlth:     It makes you less stealthy.
 U - the +7 hand crossbow of Discretion {elec, Str+5}
   (You found it on level 2 of the Shoals)

   Any ammunition fired from it occasionally discharges a powerful burst of
   electricity upon striking a foe.
   Str:       It affects your strength (+5).
 Z - a +8 demon trident (weapon)
   (You took it off a hell knight on level 5 of the Vaults)
Missiles
 f - 6 curare-tipped darts {=f}
 s - 17 silver javelins
Armour
 c - the +6 acid dragon scales of Etajiugg (worn) {rElec rF+++ Will- rCorr Str-4}
   (You took it off a deep elf high priest on level 3 of the Elven Halls)

   Str:       It affects your strength (-4).
   rF:        It renders you almost immune to fire.
   rElec:     It insulates you from electricity.
   rCorr:     It protects you from acid and corrosion.
   Will:      It decreases your willpower.
 n - a +0 troll leather armour
   (You found it on level 10 of the Dungeon)
 r - a +2 cloak of willpower (worn)
   (You took it off Nikola on level 2 of the Shoals)
 u - a +2 helmet (worn)
   (You found it on level 10 of the Dungeon)
 w - the +2 cloak "Ynkiuxya" {Dex+6}
   (You found it on level 1 of the Spider Nest)

   Dex:       It affects your dexterity (+6).
 E - a +0 kite shield of reflection (worn)
   (You took it off Donald on level 1 of the Shoals)
 K - the +10 Black Knight's barding (worn) {ponderous, rPois rN+}
   (You bought it in a shop in a bazaar)

   rPois:     It protects you from poison.
   rN:        It protects you from negative energy.
 Q - the +2 pair of gloves "Dixzaor" (worn) {rC++ Regen+}
   (You acquired it on level 4 of the Spider Nest)

   rC:        It greatly protects you from cold.
   Regen:     It increases your rate of health regeneration.
Jewellery
 g - an amulet of regeneration (around neck)
   (You found it on level 5 of the Vaults)
 F - a ring of protection from fire
   (You found it on level 3 of the Spider Nest)
 L - a ring of flight
   (You found it on level 6 of the Lair of Beasts)
 O - a +4 ring of protection (left hand)
   (You found it on level 15 of the Dungeon)
 R - a ring of resist corrosion
   (You took it off a wizard on level 3 of the Vaults)
 Y - a +4 ring of slaying (right hand)
   (You found it on level 12 of the Dungeon)
Wands
 b - a wand of paralysis (16)
   (You found it on level 13 of the Dungeon)
 D - a wand of digging (5)
   (You found it on level 8 of the Dungeon)
 J - a wand of acid (9)
   (You found it on level 6 of the Dungeon)
 V - a wand of iceblast (38)
   (You found it on level 7 of the Dungeon)
Scrolls
 d - 16 scrolls of immolation {!r!r}
 e - 5 scrolls of vulnerability {!r!r}
 i - 4 scrolls of magic mapping {!r}
 j - 6 scrolls of teleportation {@r4}
 q - a scroll of holy word
 H - 6 scrolls of fog
 I - 3 scrolls of torment {!r}
 P - 5 scrolls of fear
 W - a scroll of silence {!r}
Potions
 a - 3 potions of attraction {!q}
 k - 4 potions of resistance
 p - 8 potions of flight
 t - 2 potions of invisibility
 v - 6 potions of mutation {!q}
 z - 8 potions of lignification {!q}
 A - a potion of berserk rage {!q}
 B - 7 potions of ambrosia
 M - a potion of cancellation
 N - 4 potions of haste {@q3}
 X - 5 potions of might
Miscellaneous
 h - a phial of floods
   (You found it on level 5 of the Vaults)
 l - a phantom mirror (inert)
   (You found it on level 1 of the Vaults)
 m - a condenser vane (inert)
   (You found it on level 14 of the Dungeon)
 o - a box of beasts
   (You found it in an ice cave)
 T - a tin of tremorstones (1/2)
   (You found it on level 2 of the Abyss)

Dungeon Overview and Level Annotations

Branches:
Dungeon (15/15)            Temple (0/1) D:5            Lair (6/6) D:11
 Shoals (4/4) Lair:3       Spider (4/4) Lair:3        Slime (0/5) Lair:6
    Orc (2/2) D:10            Elf (3/3) Orc:2        Vaults (5/5) D:13
  Crypt (0/3) Vaults:3     Depths (0/4) D:15         Bailey (visited)
  IceCv (visited)

Altars:
Fedhas
Kikubaaqudgha
Makhleb
Qazlal
Sif Muna
Uskayaw
Vehumet
Wu Jian
Zin
Beogh
Jiyva

Shops:
D:4 [   D:15 (   Orc:1 *   Orc:2 :!*!   Elf:1 [*[*   Elf:2 *   Elf:3 =
Vaults:2 !   Vaults:4 [   Vaults:5 :

Annotations:
D:8 6 transporters
Elf:2 1 runed translucent door

**,,,,,** *#.,,,,,,**
#########e,,,,,,,+*****
##.^....ee#,,,,,,,*,,,,, ###
**#......e..##,,,,,**,,,,, #.###
*,...........###****,,,,,, ...'#
**,.............# *,,,,,,,,
#.###**,,............4##*,,,,,,,,
#.# *,,,,,,,**#@......#..,,,,,**
#.# *,,,,,,** ##..ee..#...,,,**,
#.# *,,,,,** ##e3.e.'...,,**,,
#.# *,,,,,* #.*...'...,,*,,, #.#
*,,,,,** ##e..e.#.....##,, #.#
*,,,,..** ##...*..ee.....##) #.#
*,,,,...###.......#.......#' ..#
***,,,............##*1....... .##
*,*+,,^..........## *#....e..


You could see a deep elf blademaster (wandering), a deep elf master archer, a
deep elf annihilator, a deep elf sorcerer (fast, empowered), 2 deep elf
elementalists, 2 deep elf demonologists, a deep elf archer (wandering, repels
missiles), a deep elf high priest (brilliance aura), a ynoxinul (summoned), a
red devil (summoned, wandering) and 2 lost souls.


Message History

You hold your ground! 😱 HP[-32] MP[+1]
You take 32 damage, and now have 1/192 hp.
Okay, then.
Okay, then.
Really read
S - 2 scrolls of blinking {!r}?
Blink to where?
Press: ? - help, Dir - move target
As you read the scroll of blinking {!r}, it crumbles to dust.
The purple draconian shifter points at you and mumbles some strange words.
You blink. 😱 HP[+2]
You regained 2 hp, and now have 3/192 hp.
Really read
S - a scroll of blinking {!r}?
Blink to where?
Press: ? - help, Dir - move target
As you read the scroll of blinking {!r}, it crumbles to dust. 😱 HP[+2]
You regained 2 hp, and now have 5/192 hp.
You feel better. 😱 HP[+13]
You regained 13 hp, and now have 18/192 hp.
Okay, then.
You fade into invisibility! 😱 HP[+2]
You regained 2 hp, and now have 20/192 hp.
Okay, then.
Okay, then.
You feel yourself speed up. 😱 HP[+2]
You regained 2 hp, and now have 22/192 hp.
You feel better.
The purple draconian shifter roars! 😱 HP[+7] MP[+1]
You regained 7 hp, and now have 29/192 hp.
You pass through the gate.
Welcome back to the Elven Halls!
The deep elf master archer shoots an arrow.
You reflect the arrow off your +0 kite shield of reflection!
The arrow misses the deep elf master archer.
The deep elf sorcerer gestures wildly while chanting.
The deep elf sorcerer seems to speed up.
The deep elf master archer shoots an arrow.
The arrow hits you!
* * * LOW HITPOINT WARNING * * *
The deep elf demonologist gestures at you while chanting.
You resist the pull of the Abyss. 😱 HP[-15] MP[-1]
You take 15 damage, and now have 14/192 hp.
You lost 1 mp, and now have 17/23 mp.
Okay, then.
Okay, then.
Okay, then.
You feel better.
The deep elf master archer shoots an arrow.
The arrow hits you but does no damage. 😱 HP[+11]
You regained 11 hp, and now have 25/192 hp.
You feel better.
The deep elf high priest utters a dark prayer and points at you.
Your life force is offered up.
* * * LOW HITPOINT WARNING * * *
The deep elf master archer is healed.
The deep elf master archer shoots an arrow.
You reflect the arrow off your +0 kite shield of reflection!
The arrow hits the deep elf master archer!!
The deep elf elementalist gestures wildly while chanting.
The deep elf elementalist seems to speed up.
A deep elf blademaster comes into view. It is wielding two +0 rapiers.
You block the deep elf sorcerer's attack.
The deep elf blademaster shouts! 😱 HP[-4]
You take 4 damage, and now have 21/192 hp.
You feel better.
The deep elf death mage beckons forth a restless soul!
The ghostly deep elf death mage is empowered by the deep elf high priest's aura!
The deep elf sorcerer barely misses you.
The deep elf elementalist casts a spell.
The deep elf elementalist seems to speed up. 😱 HP[+6]
You regained 6 hp, and now have 27/192 hp.
You feel better.
The deep elf sorcerer completely misses you.
The deep elf death mage beckons forth a restless soul!
The deep elf high priest utters a dark prayer and points at you.
Your life force is offered up.
* * * LOW HITPOINT WARNING * * *
The deep elf master archer is healed. 😱 HP[+1]
The deep elf demonologist casts a spell.
The deep elf sorcerer hits you but does no damage. 😱 HP[+2]
You regained 2 hp, and now have 30/192 hp.
The deep elf archer shouts!
The deep elf sorcerer hits you but does no damage.
The deep elf demonologist casts a spell. 😱 HP[+1]
The deep elf sorcerer points at you and mumbles some strange words.
The sphere of damnation explodes!
The damnation engulfs you!!!
You die...

Skill      XL: |  1  2  3  4  5  6  7  8  9 10 11 12 13 14 15 16 17 18 19 20 21 22 23 |
---------------+----------------------------------------------------------------------+-----
Dodging        | 1 2 3 4 5 6 7 8 9 10 11 12 13 14 | 14.7
Polearms       | 1 2 3 4 5 6 7 11 12 13 14 16 17 19 | 19.9
Fighting       | 4 5 6 7 9 10 11 12 14 15 16 17 18 19 20 | 20.5
Invocations    | 6 8 9 |  9.0
Armour         | 6 8 9 10 | 10.0
Shields        | 6 10 12 14 15 | 15.0
Evocations     | 5 7 10 11 12 | 12.2
Translocations | 7 9 |  9.3
Axes           | |  2.0

Action                   |  1- 3 |  4- 6 |  7- 9 | 10-12 | 13-15 | 16-18 | 19-21 | 22-24 || total
-------------------------+-------+-------+-------+-------+-------+-------+-------+-------++-------
Melee: Glaive            |    50 |   105 |   136 |   286 |   514 |   590 |   794 |       ||  2475
       Tailslap          |     2 |     6 |     7 |    37 |    56 |   234 |   411 |   165 ||   918
       Demon trident     |       |       |       |       |       |   918 |   930 |  1207 ||  3055
       Trident           |       |       |       |       |       |       |   221 |       ||   221
       Kick              |       |       |       |       |       |       |     2 |   324 ||   326
Throw: Dart              |       |       |     6 |    12 |     3 |       |       |       ||    21
       Stone             |       |       |       |       |     1 |       |       |       ||     1
       Javelin           |       |       |       |       |       |       |       |     2 ||     2
Invok: Depart the Abyss  |     1 |       |       |       |       |       |     1 |     1 ||     3
       Bend Space        |       |     1 |     1 |     8 |     6 |     6 |     6 |     8 ||    36
       Banish            |       |       |       |     5 |    14 |     6 |     2 |       ||    27
       Enter the Abyss   |       |       |       |     1 |       |       |       |     1 ||     2
       Brand Weapon With |       |       |       |       |       |     1 |       |       ||     1
 Abil: Rolling Charge    |     7 |    23 |    12 |    18 |    24 |    45 |    35 |    24 ||   188
Evoke: Wand              |       |     2 |     4 |     8 |    10 |       |     5 |     2 ||    31
       Lightning rod     |       |       |       |     5 |     3 |     2 |       |       ||    10
       Condenser vane    |       |       |       |       |     1 |     1 |     1 |     2 ||     5
       Box of beasts     |       |       |       |       |       |       |     2 |     1 ||     3
       Tin of tremorston |       |       |       |       |       |       |     1 |     3 ||     4
       Phantom mirror    |       |       |       |       |       |       |       |     1 ||     1
  Use: Scroll            |     1 |     2 |    13 |     4 |    14 |    14 |     9 |    10 ||    67
       Potion            |       |     1 |     1 |     3 |     3 |     4 |    11 |    20 ||    43
 Stab: Confused          |       |       |       |       |     2 |     9 |       |       ||    11
       Distracted        |       |       |       |       |     1 |       |     2 |     1 ||     4
       Sleeping          |       |       |       |       |     1 |     3 |     2 |     1 ||     7
       Held in net/web   |       |       |       |       |       |     4 |       |       ||     4
       Paralysed         |       |       |       |       |       |       |     1 |       ||     1
       Petrified         |       |       |       |       |       |       |       |     6 ||     6
Armor: Leather armour    |    21 |    49 |    61 |       |       |       |       |       ||   131
       Steam dragon scal |       |       |       |    47 |       |       |       |       ||    47
       Troll leather arm |       |       |       |    40 |   275 |   748 |   692 |   259 ||  2014
       Plate armour      |       |       |       |       |       |    48 |       |       ||    48
       Acid dragon scale |       |       |       |       |       |       |       |   156 ||   156
Dodge: Dodged            |    21 |    46 |    79 |   127 |   293 |   558 |   635 |   358 ||  2117
       Repelled          |       |       |       |       |     1 |       |       |       ||     1
Block: Kite shield       |       |       |       |       |       |   563 |    67 |   504 ||  1134
       Tower shield      |       |       |       |       |       |       |   623 |       ||   623
       Reflection        |       |       |       |       |       |       |    22 |    60 ||    82

Levels and vault maps discovered:
D:1:      psy_arrival_spokes, layout_loops_ring,
          chequers_ecumenical_altar_simple_redux
D:2:      layout_basic, serial_glass, glass_columns_b, glass_columns_b,
          glass_columns_b, glass_columns_c, glass_columns_c, glass_columns_c,
          chequers_serial_rivers_micro_d, minmay_tromino_v4_a
D:3:      layout_rooms, mainiacjoe_overflow_catch_the_wave,
          kennysheep_small_spiral
D:4:      layout_cave_pools, zin_statuary, serial_shops, nicolae_shop_crystal
D:5:      layout_cave_pools, minmay_temple_entry_gardened_gates, serial_rivers,
          chequers_serial_rivers_micro_d, chequers_serial_rivers_large_a,
          chequers_serial_rivers_micro_a, chequers_serial_rivers_room_b,
          chequers_serial_rivers_room_b, serial_bayou_crossing, uniq_menkaure,
          uniq_blork_the_orc, uniq_pikel
D:6:      layout_rooms, st_stairs_8, uniq_edmund
D:7:      layout_cave_pools, enter_bailey_3, corexii_item_surrounded_by_moat,
          uniq_maggie, uniq_crazy_yiuf_cottage
D:8:      layout_basic, serial_nicolae_subway, nicolae_sub_station_metal,
          nicolae_sub_station_stone, nicolae_sub_station_crystal
D:9:      layout_irregular_city, uniq_erolcha
D:10:     layout_loops_ring, tgw_sif, minmay_orc_entry_temple_small,
          ebering_ghost_inner_flame
D:11:     layout_gridville, dpeg_lair_monsters
D:12:     layout_cave_pools, minivault_22, hellmonk_guarded_unrand_dark_maul
D:13:     layout_long_grid, skrybe_vaults_entry_preservation
D:14:     layout_cave_pods, chequers_serial_rivers_room_a
D:15:     hangedman_depths_entry_try_elsewhere_first, layout_loops_ring,
          serial_shops, bzr_in_the_mist, nicolae_wu_jian_wuxing_cycle,
          nicolae_shop_firing_range, uniq_kirke, uniq_agnes
Lair:1:   layout_cave_pods, st_stairs_4, grunt_forest_large_clearings,
          lemuel_fruit_fields
Lair:2:   layout_cave_pods, portal_ice_cave_rime, kennysheep_rathole,
          lemuel_fruit_fields, uniq_nergalle
Lair:3:   layout_cellular_growth, elwin_shoals_entry_rocks,
          spider_nest_entry_rubble, minivault_26, tgw_fedhas
Lair:4:   layout_loops_ring, minmay_hedge_maze
Lair:5:   layout_layer_cave
Lair:6:   hangedman_lair_tendril_chambers, layout_regular_city,
          dpeg_slime_entry_enclosed_altar, serial_forest,
          infiniplex_forest_zigzag_1, infiniplex_forest_diagonal,
          infiniplex_forest_clump_small, infiniplex_forest_end_1,
          infiniplex_forest_lined_room_, infiniplex_forest_lined_3_way,
          st_stairs_3, nzn_masters_of_martial_movement
Shoals:1: layout_shoals, regret_index_shoals_crete, uniq_donald
Shoals:2: layout_shoals, uniq_ilsuiw
Shoals:3: layout_shoals, lemuel_oklob_altar, uniq_nikola, uniq_polyphemus
Shoals:4: shoals_end_grunt_garden, layout_shoals, shoal_ilsuiw,
          lemuel_altar_in_water, uniq_bai_suzhen
Spider:1: layout_chambers, hangedman_spider_tarantella_strand
Spider:2: layout_spider_delve
Spider:3: nicolae_spider_hilbert_zone_5 [nicolae_spider_hilbert_3_sides_1_open,
          nicolae_spider_hilbert_4_sides_1_open,
          nicolae_spider_hilbert_4_sides_1_open,
          nicolae_spider_hilbert_6_sides_1_open,
          nicolae_spider_hilbert_6_sides_1_open], nicolae_spider_checkerboard,
          uniq_aizul
Spider:4: guppyfry_spider_rune, drop_trap, nicolae_spider_rock_and_or_roll
Orc:1:    layout_diamond_mine, serial_shops, nicolae_shop_trees, uniq_erica,
          uniq_maurice, uniq_jorgrun
Orc:2:    grunt_orc_tribal_feast, layout_caves, basic_altar,
          kennysheep_orc_chapel
Elf:1:    eino_elf_arrival_altar, layout_gridlike, minmay_elf_demonology,
          grunt_megastairs_2, minmay_shoptagon, uniq_asterion, uniq_frances
Elf:2:    elven_hall_of_blades_hangedman_original
          [nicolae_blade_entry_splitting_headache], layout_onion_city,
          serial_shops, nicolae_square_shop
Elf:3:    nooodl_elf_gasket, layout_gridlike, serial_shops, shop, uniq_louise
Vaults:1: dpeg_vaults_waves, v_misc_22, dpeg_vaults_monster_box, serial_ice_g,
          v_alt_pattern_5, nicolae_vaults_border_crossing,
          nicolae_vaults_little_squares_3, nicolae_vaults_hallways_thing,
          hangedman_vaults_capsules, nicolae_vaults_what_the_h,
          layout_vaults_omnicross
Vaults:2: nicolae_vaults_network_barrier, nicolae_vaults_branching_niches,
          v_rooms_4, vaults_room_fours, hangedman_vaults_river_flow,
          ontoclasm_vaults_decontamination, ontoclasm_vaults_eye,
          layout_vaults_chaotic_city, serial_shops, shop_statue, uniq_frederick,
          uniq_margery, uniq_saint_roka
Vaults:3: ontoclasm_vaults_claustrophobia, st_cross, v_misc_2, vaults_dpeg_ring,
          nicolae_vaults_big_angled_halls, nicolae_vaults_diagonal_hallway_7,
          grunt_vaults_funnel, blue_anna_dwarven_crypt, v_misc_8,
          nicolae_vaults_little_squares_2, nicolae_vaults_network_quincunx
          [nicolae_vaults_network_quincunx_subvault,
          nicolae_vaults_network_quincunx_subvault,
          nicolae_vaults_network_quincunx_subvault,
          nicolae_vaults_network_quincunx_subvault,
          nicolae_vaults_network_quincunx_subvault], v_misc_30,
          grunt_vaults_focal, nicolae_vaults_circle_grid_a,
          layout_vaults_maze_bifur
Vaults:4: vaults_room_large_hall, v_misc_29, nicolae_vaults_little_squares_5,
          vaults_mumra_lcd, nicolae_vaults_big_angled_halls,
          nicolae_vaults_theta, ontoclasm_vaults_echo,
          nicolae_vaults_little_squares_3, layout_vaults_omnigrid, serial_shops,
          shop, uniq_jory
Vaults:5

Notes
Turn   | Place    | Note
-------+----------+-------------------------------------------
     0 | Abyss:1  | spiderkeys the Palentonga Abyssal Knight began the quest
                  | for the Orb.
     0 | Abyss:1  | Reached XP level 1. HP: 19/19 MP: 2/2
     0 | Abyss:1  | magus.rc [v1.9.10]
    99 | Abyss:1  | Noticed an unseen horror
   125 | Abyss:1  | Noticed a large abomination
   125 | Abyss:1  | Noticed a large abomination
   205 | Abyss:3  | Noticed a tentacled starspawn
   208 | Abyss:3  | Identified a scroll of acquirement
   208 | D:1      | You pass through the gate.
   208 | D:1      | Escaped the Abyss
   209 | D:1      | Acquired the +12 glaive of Prune {vorpal}
   209 | D:1      | Found the +12 glaive of Prune {vorpal}
   457 | D:1      | Reached skill level 1 in Dodging
   486 | D:1      | Reached XP level 2. HP: 25/25 MP: 3/3
   489 | D:1      | Reached skill level 1 in Polearms
   566 | D:1      | Reached * piety under Lugonu
   654 | D:1      | You pick up a book of Necromancy and begin reading...
   654 | D:1      | You add the spells Pain, Animate Skeleton and Vampiric
                  | Draining to your library.
   751 | D:1      | Reached XP level 3. HP: 31/31 MP: 4/4
   803 | D:1      | Found a faded altar of an unknown god.
  1086 | D:2      | Reached skill level 2 in Polearms
  1165 | D:2      | Reached XP level 4. HP: 32/37 MP: 5/5
  1958 | D:2      | Reached skill level 2 in Dodging
  2111 | D:2      | Reached skill level 3 in Polearms
  2251 | D:3      | Found a burning altar of Makhleb.
  2320 | D:3      | Reached ** piety under Lugonu
  2322 | D:3      | Acquired 1008 gold pieces
  2378 | D:3      | Noticed a black bear
  2380 | D:3      | Killed a black bear
  2381 | D:3      | Reached XP level 5. HP: 43/43 MP: 6/6
  2458 | D:3      | Found a stormy altar of Qazlal.
  2753 | D:4      | HP: 6/43 [scorpion (7)]
  2755 | D:4      | Found Evanupiq's Antique Armour Emporium.
  2759 | D:4      | Reached skill level 4 in Polearms
  2759 | D:4      | Reached XP level 6. HP: 15/50 MP: 5/7
  3390 | D:4      | Found a glowing silver altar of Zin.
  3494 | D:5      | Entered Level 5 of the Dungeon
  3497 | D:5      | Noticed Blork the orc
  3506 | D:4      | Reached skill level 3 in Dodging
  3560 | D:4      | Killed Blork the orc
  3643 | D:5      | Found a staircase to the Ecumenical Temple.
  3644 | D:5      | Reached skill level 4 in Fighting
  3644 | D:5      | Reached skill level 5 in Polearms
  3644 | D:5      | Gained mutation: You curl defensively after being hit. (AC
                  | +7*) [Palentonga growth]
  3644 | D:5      | Reached XP level 7. HP: 57/57 MP: 8/8
  3957 | D:5      | Reached *** piety under Lugonu
  3966 | D:5      | Reached skill level 6 in Polearms
  4159 | D:5      | You pick up a book of Armaments and begin reading...
  4159 | D:5      | You add the spells Stone Arrow, Animate Armour and
                  | Lehudib's Crystal Spear to your library.
  4192 | D:5      | Noticed Pikel
  4205 | D:5      | Killed Pikel
  4206 | D:5      | Reached skill level 5 in Fighting
  4206 | D:5      | Reached skill level 4 in Dodging
  4206 | D:5      | Reached XP level 8. HP: 40/66 MP: 9/9
  4355 | D:5      | Noticed Menkaure
  4356 | D:5      | Reached skill level 7 in Polearms
  4357 | D:5      | Killed Menkaure
  4890 | D:6      | Reached skill level 6 in Fighting
  4935 | D:6      | Reached skill level 5 in Dodging
  4935 | D:6      | Reached XP level 9. HP: 57/73 MP: 10/10
  4948 | D:6      | Noticed Edmund
  4951 | D:6      | Killed Edmund
  5029 | D:6      | Reached skill level 8 in Polearms
  5745 | D:7      | HP: 17/75 [wyvern skeleton (2)]
  5778 | D:7      | Found a flagged portal.
  5899 | Bailey   | Entered a bailey
  6009 | Bailey   | Noticed an orc warlord
  6087 | Bailey   | Reached **** piety under Lugonu
  6167 | Bailey   | Found a runed translucent gate.
  6168 | Bailey   | Found a runed translucent gate.
  6169 | Bailey   | Found a runed translucent gate.
  6334 | Bailey   | Aim: a gnoll, wielding a +0 hand axe and wearing a +0
                  | leather armour (moderately wounded, about 24% to evade the
                  | +12 glaive of Prune)
  6334 | Bailey   | Aim: a gnoll, wielding a +0 hand axe and wearing a +0
                  | leather armour (moderately wounded, about 24% to evade the
                  | +12 glaive of Prune)
  6334 | Bailey   | Aim: an orc warlord, wielding a +0 war axe and wearing a +0
                  | ring mail (about 24% to evade the +12 glaive of Prune)
  6335 | Bailey   | Aim: an orc warlord, wielding a +0 war axe and wearing a +0
                  | ring mail (moderately wounded, ally target, about 24% to
                  | evade the +12 glaive of Prune)
  6335 | Bailey   | Aim: an orc warlord, wielding a +0 war axe and wearing a +0
                  | ring mail (moderately wounded, ally target, about 24% to
                  | evade the +12 glaive of Prune)
  6336 | Bailey   | Aim: an orc warlord, wielding a +0 war axe and wearing a +0
                  | ring mail (moderately wounded, ally target, about 24% to
                  | evade the +12 glaive of Prune)
  6336 | Bailey   | Aim: an orc warlord, wielding a +0 war axe and wearing a +0
                  | ring mail (moderately wounded, ally target, about 24% to
                  | evade the +12 glaive of Prune)
  6337 | Bailey   | Aim: an orc warlord, wielding a +0 war axe and wearing a +0
                  | ring mail (heavily wounded, ally target, about 24% to evade
                  | the +12 glaive of Prune)
  6337 | Bailey   | Aim: an orc warlord, wielding a +0 war axe and wearing a +0
                  | ring mail (heavily wounded, ally target, about 24% to evade
                  | the +12 glaive of Prune)
  6338 | Bailey   | Aim: an orc warlord, wielding a +0 war axe and wearing a +0
                  | ring mail (heavily wounded, ally target, about 24% to evade
                  | the +12 glaive of Prune)
  6338 | Bailey   | Aim: an orc warlord, wielding a +0 war axe and wearing a +0
                  | ring mail (heavily wounded, ally target, about 24% to evade
                  | the +12 glaive of Prune)
  6341 | Bailey   | Aim: an orc warlord, wielding a +0 war axe and wearing a +0
                  | ring mail (almost dead, ally target, about 24% to evade the
                  | +12 glaive of Prune)
  6341 | Bailey   | Aim: an orc warlord, wielding a +0 war axe and wearing a +0
                  | ring mail (almost dead, ally target, about 24% to evade the
                  | +12 glaive of Prune)
  6341 | Bailey   | Killed an orc warlord
  6342 | Bailey   | Reached skill level 7 in Fighting
  6342 | Bailey   | Reached skill level 9 in Polearms
  6342 | Bailey   | Reached skill level 6 in Dodging
  6342 | Bailey   | Aim: a gnoll, wielding a +0 hand axe and wearing a +0
                  | leather armour (moderately wounded, about 24% to evade the
                  | +12 glaive of Prune)
  6342 | Bailey   | Aim: a gnoll, wielding a +0 hand axe and wearing a +0
                  | leather armour (moderately wounded, about 24% to evade the
                  | +12 glaive of Prune)
  6343 | Bailey   | Aim: a gnoll, wielding a +0 hand axe and wearing a +0
                  | leather armour (heavily wounded, about 24% to evade the +12
                  | glaive of Prune)
  6343 | Bailey   | Aim: a gnoll, wielding a +0 hand axe and wearing a +0
                  | leather armour (heavily wounded, about 24% to evade the +12
                  | glaive of Prune)
  6344 | Bailey   | Aim: a gnoll, wielding a +0 hand axe and wearing a +0
                  | leather armour (heavily wounded, about 24% to evade the +12
                  | glaive of Prune)
  6344 | Bailey   | Aim: a gnoll, wielding a +0 hand axe and wearing a +0
                  | leather armour (heavily wounded, about 24% to evade the +12
                  | glaive of Prune)
  6529 | Bailey   | Acquired 1253 gold pieces
  6531 | Bailey   | Reached skill level 11 in Polearms
  6531 | Bailey   | Reached skill level 6 in Invocations
  6531 | Bailey   | Reached XP level 10. HP: 84/84 MP: 10/14
  6619 | D:7      | Noticed Maggie
  6628 | D:7      | Killed Maggie
  6629 | D:7      | Reached skill level 12 in Polearms
  6629 | D:7      | Reached XP level 11. HP: 78/89 MP: 15/15
  6753 | D:7      | Identified the +11 morningstar "Embalmer" {vorpal, +Blink
                  | rElec Str-4 Dex+5}
  7049 | D:7      | Found a runed translucent door.
  7050 | D:7      | Noticed Crazy Yiuf
  7209 | D:7      | Killed Crazy Yiuf
  7478 | D:8      | Found a transporter.
  7479 | D:8      | Found a transporter.
  7760 | D:8      | Found a transporter.
  7762 | D:8      | Found a transporter.
  7831 | D:8      | Found a transporter.
  7833 | D:8      | Found a transporter.
  8069 | D:9      | Noticed Erolcha
  8078 | D:9      | Aim: Erolcha, wielding a +0 spectral giant spiked club and
                  | wearing a +0 robe (heavily wounded, slightly transparent,
                  | poisoned, about 19% to evade the +12 glaive of Prune)
  8078 | D:9      | Aim: Erolcha, wielding a +0 spectral giant spiked club and
                  | wearing a +0 robe (heavily wounded, slightly transparent,
                  | poisoned, about 19% to evade the +12 glaive of Prune)
  8078 | D:9      | Aim: Erolcha, wielding a +0 spectral giant spiked club and
                  | wearing a +0 robe (heavily wounded, slightly transparent,
                  | poisoned, about 19% to evade the +12 glaive of Prune)
  8078 | D:9      | Killed Erolcha
  8288 | D:9      | Aim: an orc wizard, wielding a +0 dagger and wearing a +0
                  | robe (about 30% to evade the +12 glaive of Prune)
  8288 | D:9      | Aim: an orc wizard, wielding a +0 dagger and wearing a +0
                  | robe (about 30% to evade the +12 glaive of Prune)
  8289 | D:9      | Aim: an orc wizard, wielding a +0 dagger and wearing a +0
                  | robe (about 30% to evade the +12 glaive of Prune)
  8289 | D:9      | Aim: an orc wizard, wielding a +0 dagger and wearing a +0
                  | robe (about 30% to evade the +12 glaive of Prune)
  8291 | D:9      | Aim: an orc, wielding a +0 short sword (about 26% to evade
                  | the +12 glaive of Prune)
  8291 | D:9      | Aim: an orc, wielding a +0 short sword (about 26% to evade
                  | the +12 glaive of Prune)
  8612 | D:9      | You pick up a book of Callings and begin reading...
  8612 | D:9      | You add the spells Summon Small Mammal, Call Canine
                  | Familiar and Summon Guardian Golem to your library.
  8753 | D:9      | Reached skill level 8 in Fighting
  9058 | D:10     | Entered Level 10 of the Dungeon
  9112 | D:10     | Found a staircase to the Orcish Mines.
  9270 | D:10     | Reached ***** piety under Lugonu
  9273 | D:10     | Noticed a tengu warrior
  9284 | D:10     | HP: 22/92 [tengu warrior (3)]
  9286 | D:10     | Aim: a tengu warrior, wielding a +0 war axe, wearing a +0
                  | leather armour and wearing a +0 kite shield (severely
                  | wounded, about 38% to evade the +12 glaive of Prune)
  9286 | D:10     | Aim: a tengu warrior, wielding a +0 war axe, wearing a +0
                  | leather armour and wearing a +0 kite shield (severely
                  | wounded, about 38% to evade the +12 glaive of Prune)
  9286 | D:10     | Killed a tengu warrior
  9292 | D:10     | Aim: an orc, wielding a +0 club and wearing a +0 ring mail
                  | (about 23% to evade the +12 glaive of Prune)
  9292 | D:10     | Aim: an orc, wielding a +0 club and wearing a +0 ring mail
                  | (about 23% to evade the +12 glaive of Prune)
  9293 | D:10     | Aim: an orc, wielding a +0 club and wearing a +0 ring mail
                  | (about 23% to evade the +12 glaive of Prune)
  9293 | D:10     | Aim: an orc, wielding a +0 club and wearing a +0 ring mail
                  | (about 23% to evade the +12 glaive of Prune)
  9294 | D:10     | Aim: an orc, wielding a +0 club and wearing a +0 ring mail
                  | (about 23% to evade the +12 glaive of Prune)
  9294 | D:10     | Aim: an orc, wielding a +0 club and wearing a +0 ring mail
                  | (about 23% to evade the +12 glaive of Prune)
  9295 | D:10     | Aim: an orc, wielding a +0 flail (about 25% to evade the
                  | +12 glaive of Prune)
  9295 | D:10     | Aim: an orc, wielding a +0 flail (about 25% to evade the
                  | +12 glaive of Prune)
  9333 | D:10     | Aim: an orc warrior, wielding a +0 dire flail and wearing a
                  | +0 chain mail (about 27% to evade the +12 glaive of Prune)
  9333 | D:10     | Aim: an orc warrior, wielding a +0 dire flail and wearing a
                  | +0 chain mail (about 27% to evade the +12 glaive of Prune)
  9334 | D:10     | Aim: an orc warrior, wielding a +0 dire flail and wearing a
                  | +0 chain mail (heavily wounded, about 27% to evade the +12
                  | glaive of Prune)
  9334 | D:10     | Aim: an orc warrior, wielding a +0 dire flail and wearing a
                  | +0 chain mail (heavily wounded, about 27% to evade the +12
                  | glaive of Prune)
  9716 | D:10     | Aim: an orc, wielding a +0 club and wearing a +0 ring mail
                  | (about 23% to evade the +12 glaive of Prune)
  9716 | D:10     | Aim: an orc, wielding a +0 club and wearing a +0 ring mail
                  | (about 23% to evade the +12 glaive of Prune)
  9717 | D:10     | Aim: an orc, wielding a +0 hand axe and wearing a +0
                  | leather armour (about 25% to evade the +12 glaive of Prune)
  9717 | D:10     | Aim: an orc, wielding a +0 hand axe and wearing a +0
                  | leather armour (about 25% to evade the +12 glaive of Prune)
  9718 | D:10     | Aim: an orc, wielding a +0 hand axe and wearing a +0
                  | leather armour (severely wounded, about 25% to evade the
                  | +12 glaive of Prune)
  9718 | D:10     | Aim: an orc, wielding a +0 hand axe and wearing a +0
                  | leather armour (severely wounded, about 25% to evade the
                  | +12 glaive of Prune)
  9762 | D:10     | Aim: an orc priest, wielding a +0 club (about 25% to evade
                  | the +12 glaive of Prune)
  9762 | D:10     | Aim: an orc priest, wielding a +0 club (about 25% to evade
                  | the +12 glaive of Prune)
 10144 | D:10     | Reached skill level 7 in Dodging
 10272 | D:10     | Found a runed translucent door.
 10272 | D:10     | Noticed Deeps's ghost (journeyman MiFi)
 10272 | D:10     | Noticed a centaur warrior
 10364 | D:10     | Aim: an orc wizard, wielding a +0 dagger and wearing a +0
                  | robe (wandering, hasn't noticed you, about 30% to evade the
                  | +12 glaive of Prune)
 10364 | D:10     | Aim: an orc wizard, wielding a +0 dagger and wearing a +0
                  | robe (wandering, hasn't noticed you, about 30% to evade the
                  | +12 glaive of Prune)
 10365 | D:10     | Aim: an orc wizard, wielding a +0 dagger and wearing a +0
                  | robe (about 30% to evade the +12 glaive of Prune)
 10365 | D:10     | Aim: an orc wizard, wielding a +0 dagger and wearing a +0
                  | robe (about 30% to evade the +12 glaive of Prune)
 10366 | D:10     | Aim: an orc wizard, wielding a +0 dagger and wearing a +0
                  | robe (about 30% to evade the +12 glaive of Prune)
 10366 | D:10     | Aim: an orc wizard, wielding a +0 dagger and wearing a +0
                  | robe (about 30% to evade the +12 glaive of Prune)
 10373 | D:10     | Found a shimmering blue altar of Sif Muna.
 10545 | D:11     | Reached skill level 13 in Polearms
 10547 | D:11     | Noticed a two-headed ogre
 10554 | D:11     | Killed a two-headed ogre
 10723 | D:11     | Found a staircase to the Lair.
 10723 | D:11     | Noticed a death yak
 10723 | D:11     | Noticed a death yak
 10723 | D:11     | Noticed a death yak
 10723 | D:11     | Noticed a death yak
 10724 | D:11     | Noticed a death yak
 10724 | D:11     | Noticed a death yak
 10726 | D:11     | Noticed a death yak
 10731 | D:11     | Killed a death yak
 10778 | D:10     | Killed a death yak
 10938 | D:10     | Killed a death yak
 10939 | D:10     | Reached skill level 9 in Fighting
 10939 | D:10     | Reached XP level 12. HP: 54/101 MP: 16/16
 10998 | D:10     | Killed a death yak
 11002 | D:10     | Killed a death yak
 11070 | D:10     | Killed a death yak
 11108 | D:10     | Aim: a gargoyle, wielding a +0 mace (about 16% to evade the
                  | +12 glaive of Prune)
 11109 | D:10     | Aim: a gargoyle, wielding a +0 mace (about 16% to evade the
                  | +12 glaive of Prune)
 11109 | D:10     | Aim: a gargoyle, wielding a +0 mace (about 16% to evade the
                  | +12 glaive of Prune)
 11110 | D:10     | Aim: a gargoyle, wielding a +0 mace (about 16% to evade the
                  | +12 glaive of Prune)
 11110 | D:10     | Aim: a gargoyle, wielding a +0 mace (about 16% to evade the
                  | +12 glaive of Prune)
 11111 | D:10     | Aim: a gargoyle, wielding a +0 mace (about 16% to evade the
                  | +12 glaive of Prune)
 11111 | D:10     | Aim: a gargoyle, wielding a +0 mace (about 16% to evade the
                  | +12 glaive of Prune)
 11111 | D:10     | Killed a death yak
 11112 | D:10     | Aim: a gargoyle, wielding a +0 mace (about 16% to evade the
                  | +12 glaive of Prune)
 11112 | D:10     | Aim: a gargoyle, wielding a +0 mace (about 16% to evade the
                  | +12 glaive of Prune)
 11113 | D:10     | Aim: a gargoyle, wielding a +0 mace (lightly damaged, about
                  | 16% to evade the +12 glaive of Prune)
 11113 | D:10     | Aim: a gargoyle, wielding a +0 mace (lightly damaged, about
                  | 16% to evade the +12 glaive of Prune)
 11114 | D:10     | Aim: a gargoyle, wielding a +0 mace (severely damaged,
                  | about 16% to evade the +12 glaive of Prune)
 11114 | D:10     | Aim: a gargoyle, wielding a +0 mace (severely damaged,
                  | about 16% to evade the +12 glaive of Prune)
 11565 | D:12     | Noticed a boulder beetle
 11566 | D:12     | Banished a boulder beetle
 11567 | D:12     | Reached skill level 7 in Invocations
 11610 | D:12     | Noticed a two-headed ogre
 11612 | D:12     | Banished a two-headed ogre
 11613 | D:12     | Reached skill level 14 in Polearms
 11677 | D:12     | Noticed a two-headed ogre
 11690 | D:12     | Aim: a two-headed ogre, wielding two +0 giant clubs (about
                  | 16% to evade the +12 glaive of Prune)
 11695 | D:12     | Aim: a two-headed ogre, wielding two +0 giant clubs
                  | (moderately wounded, about 16% to evade the +12 glaive of
                  | Prune)
 11695 | D:12     | Aim: a two-headed ogre, wielding two +0 giant clubs
                  | (moderately wounded, about 16% to evade the +12 glaive of
                  | Prune)
 11700 | D:12     | Aim: a two-headed ogre, wielding two +0 giant clubs
                  | (severely wounded, about 16% to evade the +12 glaive of
                  | Prune)
 11700 | D:12     | Aim: a two-headed ogre, wielding two +0 giant clubs
                  | (severely wounded, about 16% to evade the +12 glaive of
                  | Prune)
 11700 | D:12     | Killed a two-headed ogre
 11701 | D:12     | Reached skill level 8 in Dodging
 11712 | D:12     | Noticed a seven-headed hydra
 11716 | D:12     | Banished a seven-headed hydra
 11782 | D:12     | You pick up a book of Blood and begin reading...
 11782 | D:12     | You add the spells Sublimation of Blood, Wereblood and
                  | Summon Hydra to your library.
 11922 | D:12     | Noticed a two-headed ogre
 11926 | D:12     | Killed a two-headed ogre
 12058 | D:12     | Noticed a two-headed ogre
 12058 | D:12     | Noticed a two-headed ogre
 12058 | D:12     | Noticed a two-headed ogre
 12058 | D:12     | A two-headed ogre is wielding the +10 dark maul {vorpal}
                  | and a +0 dire flail.
 12059 | D:12     | Here: a two-headed ogre, wielding the +10 dark maul
                  | {vorpal} and a +0 dire flail
 12059 | D:12     | Here: a two-headed ogre, wielding the +10 dark maul
                  | {vorpal} and a +0 dire flail
 12059 | D:12     | Aim: a two-headed ogre, wielding the +10 dark maul {vorpal}
                  | and a +0 dire flail (chance to affect: 28%)
 12059 | D:12     | Aim: a two-headed ogre, wielding the +10 dark maul {vorpal}
                  | and a +0 dire flail (86% to hit)
 12059 | D:12     | Aim: a two-headed ogre, wielding the +10 dark maul {vorpal}
                  | and a +0 dire flail (86% to hit)
 12060 | D:12     | Aim: an orc warrior, wielding a +0 halberd and wearing a +0
                  | chain mail (about 25% to evade the +12 glaive of Prune)
 12060 | D:12     | Aim: an orc warrior, wielding a +0 halberd and wearing a +0
                  | chain mail (about 25% to evade the +12 glaive of Prune)
 12060 | D:12     | Aim: a two-headed ogre, wielding the +10 dark maul {vorpal}
                  | and a +0 dire flail (moderately wounded, covered in acid,
                  | about 15% to evade the +12 glaive of Prune)
 12066 | D:12     | Aim: a two-headed ogre, wielding the +10 dark maul {vorpal}
                  | and a +0 dire flail (lightly wounded, covered in acid,
                  | about 15% to evade the +12 glaive of Prune)
 12066 | D:12     | Aim: a two-headed ogre, wielding the +10 dark maul {vorpal}
                  | and a +0 dire flail (lightly wounded, covered in acid,
                  | about 15% to evade the +12 glaive of Prune)
 12068 | D:12     | HP: 13/103 [two-headed ogre (25)]
 12121 | Abyss:1  | Noticed a tentacled starspawn
 12134 | Abyss:2  | Found a corrupted altar of Lugonu.
 12181 | Abyss:2  | Noticed a blizzard demon
 12182 | D:12     | You pass through the gate.
 12182 | D:12     | Escaped the Abyss
 12182 | D:12     | HP: 24/103 [two-headed ogre (4)]
 12323 | D:12     | Aim: a two-headed ogre, wielding two +0 giant clubs
                  | (lightly wounded, about 15% to evade the +12 glaive of
                  | Prune)
 12323 | D:12     | Aim: a two-headed ogre, wielding two +0 giant clubs
                  | (lightly wounded, about 15% to evade the +12 glaive of
                  | Prune)
 12324 | D:12     | Aim: a two-headed ogre, wielding two +0 giant clubs
                  | (lightly wounded, about 15% to evade the +12 glaive of
                  | Prune)
 12324 | D:12     | Aim: a two-headed ogre, wielding two +0 giant clubs
                  | (lightly wounded, about 15% to evade the +12 glaive of
                  | Prune)
 12328 | D:12     | Killed a two-headed ogre
 12329 | D:12     | Reached skill level 10 in Fighting
 12329 | D:12     | HP: 24/103 [orc warrior (6)]
 12330 | D:12     | HP: 10/103 [orc warrior (15)]
 12441 | D:12     | Aim: a two-headed ogre, wielding the +10 dark maul {vorpal}
                  | and a +0 dire flail (81% to hit)
 12441 | D:12     | Aim: a two-headed ogre, wielding the +10 dark maul {vorpal}
                  | and a +0 dire flail (81% to hit)
 12442 | D:12     | Aim: a two-headed ogre, wielding the +10 dark maul {vorpal}
                  | and a +0 dire flail (lightly wounded, very poisoned, slow)
 12442 | D:12     | Aim: a two-headed ogre, wielding the +10 dark maul {vorpal}
                  | and a +0 dire flail (lightly wounded, very poisoned, slow)
 12443 | D:12     | Aim: a two-headed ogre, wielding the +10 dark maul {vorpal}
                  | and a +0 dire flail (moderately wounded, very poisoned,
                  | slow)
 12443 | D:12     | Aim: a two-headed ogre, wielding the +10 dark maul {vorpal}
                  | and a +0 dire flail (moderately wounded, very poisoned,
                  | slow)
 12444 | D:12     | Aim: a two-headed ogre, wielding the +10 dark maul {vorpal}
                  | and a +0 dire flail (severely wounded, very poisoned, slow)
 12444 | D:12     | Aim: a two-headed ogre, wielding the +10 dark maul {vorpal}
                  | and a +0 dire flail (severely wounded, very poisoned, slow)
 12444 | D:12     | Killed a two-headed ogre
 12445 | D:12     | Reached skill level 8 in Invocations
 12702 | D:12     | Killed a two-headed ogre
 12703 | D:12     | Reached XP level 13. HP: 110/110 MP: 19/19
 13329 | D:13     | Aim: a kobold demonologist, wielding a +0 dagger and
                  | wearing a +0 robe (moderately wounded, about 28% to evade
                  | the +12 glaive of Prune)
 13329 | D:13     | Aim: a kobold demonologist, wielding a +0 dagger and
                  | wearing a +0 robe (moderately wounded, about 28% to evade
                  | the +12 glaive of Prune)
 13330 | D:13     | Aim: a kobold demonologist, wielding a +0 dagger and
                  | wearing a +0 robe (moderately wounded, about 28% to evade
                  | the +12 glaive of Prune)
 13330 | D:13     | Aim: a kobold demonologist, wielding a +0 dagger and
                  | wearing a +0 robe (moderately wounded, about 28% to evade
                  | the +12 glaive of Prune)
 13331 | D:13     | Aim: a kobold demonologist, wielding a +0 dagger and
                  | wearing a +0 robe (almost dead, about 28% to evade the +12
                  | glaive of Prune)
 13331 | D:13     | Aim: a kobold demonologist, wielding a +0 dagger and
                  | wearing a +0 robe (almost dead, about 28% to evade the +12
                  | glaive of Prune)
 13362 | D:13     | Aim: a kobold, wielding a +0 dagger (about 26% to evade the
                  | +12 glaive of Prune)
 13362 | D:13     | Aim: a kobold, wielding a +0 dagger (about 26% to evade the
                  | +12 glaive of Prune)
 13362 | D:13     | Aim: a kobold brigand, wielding a +0 short sword and
                  | quivering poisoned darts (about 26% to evade the +12 glaive
                  | of Prune)
 13363 | D:13     | Aim: a kobold brigand, wielding a +0 short sword and
                  | quivering poisoned darts (heavily wounded, about 26% to
                  | evade the +12 glaive of Prune)
 13363 | D:13     | Aim: a kobold brigand, wielding a +0 short sword and
                  | quivering poisoned darts (heavily wounded, about 26% to
                  | evade the +12 glaive of Prune)
 13484 | D:13     | Reached skill level 15 in Polearms
 13888 | D:13     | Noticed an ironbound preserver
 13889 | D:13     | Found a gate to the Vaults.
 13906 | D:13     | Banished an ironbound preserver
 13908 | D:13     | HP: 25/111 [centaur warrior (7)]
 14249 | D:14     | Reached skill level 9 in Dodging
 14249 | D:14     | Reached skill level 9 in Invocations
 14395 | D:14     | Reached skill level 11 in Fighting
 14815 | D:14     | HP: 27/113 [large slime creature (33)]
 15192 | D:15     | Entered Level 15 of the Dungeon
 15204 | D:15     | Noticed Agnes
 15206 | D:15     | Aim: Agnes, wielding a +3 lajatang of electrocution and
                  | wearing a +2 robe of willpower (translocational energy,
                  | ally target, about 42% to evade the +12 glaive of Prune)
 15206 | D:15     | Aim: Agnes, wielding a +3 lajatang of electrocution and
                  | wearing a +2 robe of willpower (translocational energy,
                  | ally target, about 42% to evade the +12 glaive of Prune)
 15207 | D:15     | Aim: Agnes, wielding a +3 lajatang of electrocution and
                  | wearing a +2 robe of willpower (translocational energy,
                  | moderately wounded, ally target, about 42% to evade the +12
                  | glaive of Prune)
 15207 | D:15     | Aim: Agnes, wielding a +3 lajatang of electrocution and
                  | wearing a +2 robe of willpower (translocational energy,
                  | moderately wounded, ally target, about 42% to evade the +12
                  | glaive of Prune)
 15208 | D:15     | Aim: Agnes, wielding a +3 lajatang of electrocution and
                  | wearing a +2 robe of willpower (translocational energy,
                  | moderately wounded, ally target, about 42% to evade the +12
                  | glaive of Prune)
 15208 | D:15     | Aim: Agnes, wielding a +3 lajatang of electrocution and
                  | wearing a +2 robe of willpower (translocational energy,
                  | moderately wounded, ally target, about 42% to evade the +12
                  | glaive of Prune)
 15209 | D:15     | Aim: Agnes, wielding a +3 lajatang of electrocution and
                  | wearing a +2 robe of willpower (translocational energy,
                  | heavily wounded, ally target, about 42% to evade the +12
                  | glaive of Prune)
 15209 | D:15     | Aim: Agnes, wielding a +3 lajatang of electrocution and
                  | wearing a +2 robe of willpower (translocational energy,
                  | heavily wounded, ally target, about 42% to evade the +12
                  | glaive of Prune)
 15211 | D:15     | Killed Agnes
 15212 | D:15     | Reached skill level 16 in Polearms
 15224 | D:15     | Aim: a yaktaur, wielding a +0 arbalest and quivering bolts
                  | (severely wounded, about 11% to evade the +12 glaive of
                  | Prune)
 15224 | D:15     | Aim: a yaktaur, wielding a +0 arbalest and quivering bolts
                  | (severely wounded, about 11% to evade the +12 glaive of
                  | Prune)
 15231 | D:15     | Aim: a yaktaur, wielding a +0 arbalest, wearing a +0 robe
                  | and quivering bolts (about 11% to evade the +12 glaive of
                  | Prune)
 15231 | D:15     | Aim: a yaktaur, wielding a +0 arbalest, wearing a +0 robe
                  | and quivering bolts (about 11% to evade the +12 glaive of
                  | Prune)
 15232 | D:15     | Aim: a yaktaur, wielding a +0 arbalest, wearing a +0 robe
                  | and quivering bolts (about 11% to evade the +12 glaive of
                  | Prune)
 15232 | D:15     | Aim: a yaktaur, wielding a +0 arbalest, wearing a +0 robe
                  | and quivering bolts (about 11% to evade the +12 glaive of
                  | Prune)
 15233 | D:15     | Aim: a yaktaur, wielding a +0 arbalest, wearing a +0 robe
                  | and quivering bolts (about 11% to evade the +12 glaive of
                  | Prune)
 15233 | D:15     | Aim: a yaktaur, wielding a +0 arbalest, wearing a +0 robe
                  | and quivering bolts (about 11% to evade the +12 glaive of
                  | Prune)
 15234 | D:15     | Aim: a yaktaur, wielding a +0 arbalest, wearing a +0 robe
                  | and quivering bolts (heavily wounded, ally target, about
                  | 11% to evade the +12 glaive of Prune)
 15234 | D:15     | Aim: a yaktaur, wielding a +0 arbalest, wearing a +0 robe
                  | and quivering bolts (heavily wounded, ally target, about
                  | 11% to evade the +12 glaive of Prune)
 15235 | D:15     | Reached XP level 14. HP: 52/120 MP: 20/20
 15265 | D:15     | Aim: an orc sorcerer, wielding a +0 dagger and wearing a +0
                  | robe (about 26% to evade the +12 glaive of Prune)
 15265 | D:15     | Aim: an orc sorcerer, wielding a +0 dagger and wearing a +0
                  | robe (about 26% to evade the +12 glaive of Prune)
 15324 | D:15     | Found Utobics's Firing Range.
 15335 | D:15     | Aim: an orc warrior, wielding a +0 halberd and wearing a +0
                  | plate armour (translocational energy, strong, about 22% to
                  | evade the +12 glaive of Prune)
 15335 | D:15     | Aim: an orc warrior, wielding a +0 halberd and wearing a +0
                  | plate armour (translocational energy, strong, about 22% to
                  | evade the +12 glaive of Prune)
 15336 | D:15     | Aim: an orc warrior, wielding a +0 halberd and wearing a +0
                  | plate armour (translocational energy, heavily wounded,
                  | strong, about 22% to evade the +12 glaive of Prune)
 15336 | D:15     | Aim: an orc warrior, wielding a +0 halberd and wearing a +0
                  | plate armour (translocational energy, heavily wounded,
                  | strong, about 22% to evade the +12 glaive of Prune)
 15337 | D:15     | Aim: an orc, wielding a +0 mace and wearing a +0 leather
                  | armour (translocational energy, strong, about 22% to evade
                  | the +12 glaive of Prune)
 15337 | D:15     | Aim: an orc, wielding a +0 mace and wearing a +0 leather
                  | armour (translocational energy, strong, about 22% to evade
                  | the +12 glaive of Prune)
 15356 | D:15     | Found an ornate altar of the Wu Jian Council.
 15365 | D:15     | Found a flickering gateway to a bazaar.
 15374 | Bazaar   | Entered a bazaar
 15407 | Bazaar   | Found Bioch's Distillery.
 15411 | Bazaar   | Found Reulics's General Store.
 15411 | Bazaar   | Found Cuhav's Distillery.
 15412 | Bazaar   | Found Sifaev's Antique Armour Boutique.
 15432 | Bazaar   | Bought the +10 Black Knight's barding {ponderous, rPois
                  | rN+} for 760 gold pieces
 15432 | Bazaar   | Found the +10 Black Knight's barding {ponderous, rPois rN+}
 15437 | Bazaar   | Bought a potion of heal wounds for 85 gold pieces
 15437 | Bazaar   | Bought a potion of heal wounds for 85 gold pieces
 15505 | D:15     | Noticed Kirke
 15513 | D:15     | Killed Kirke
 15557 | D:15     | Reached skill level 2 in Armour
 16130 | D:15     | Found a staircase to the Depths.
 16402 | Orc:1    | Entered Level 1 of the Orcish Mines
 16424 | Orc:1    | Reached skill level 10 in Dodging
 16487 | Orc:1    | Noticed Maurice
 16489 | Orc:1    | Found Toff's Assorted Antiques.
 16489 | Orc:1    | Noticed Erica
 16490 | Orc:1    | Killed Maurice
 16490 | Orc:1    | Noticed Jorgrun
 16491 | Orc:1    | Aim: an ogre, wielding a +0 giant spiked club (about 15% to
                  | evade the +12 glaive of Prune)
 16491 | Orc:1    | Aim: an ogre, wielding a +0 giant spiked club (about 15% to
                  | evade the +12 glaive of Prune)
 16491 | Orc:1    | Aim: an orc priest, wielding a +0 flail and wearing a +0
                  | ring mail (about 21% to evade the +12 glaive of Prune)
 16492 | Orc:1    | Aim: an orc priest, wielding a +0 flail and wearing a +0
                  | ring mail (about 21% to evade the +12 glaive of Prune)
 16492 | Orc:1    | Aim: an orc priest, wielding a +0 flail and wearing a +0
                  | ring mail (about 21% to evade the +12 glaive of Prune)
 16719 | D:10     | Killed Jorgrun
 16741 | Orc:1    | Killed Erica
 16742 | Orc:1    | Reached skill level 3 in Armour
 16754 | Orc:1    | Bought a black potion for 23 gold pieces
 16820 | Orc:2    | Entered Level 2 of the Orcish Mines
 16820 | Orc:2    | Found a staircase to the Elven Halls.
 16830 | Orc:1    | Reached skill level 12 in Fighting
 17285 | Orc:2    | Aim: an orc high priest, wielding a +0 scimitar of freezing
                  | (strong, about 27% to evade the +12 glaive of Prune)
 17285 | Orc:2    | Aim: an orc high priest, wielding a +0 scimitar of freezing
                  | (strong, about 27% to evade the +12 glaive of Prune)
 17286 | Orc:2    | Aim: an orc high priest, wielding a +0 scimitar of freezing
                  | (moderately wounded, strong, about 27% to evade the +12
                  | glaive of Prune)
 17286 | Orc:2    | Aim: an orc high priest, wielding a +0 scimitar of freezing
                  | (moderately wounded, strong, about 27% to evade the +12
                  | glaive of Prune)
 17287 | Orc:2    | Aim: an orc high priest, wielding a +0 scimitar of freezing
                  | (severely wounded, strong, about 27% to evade the +12
                  | glaive of Prune)
 17287 | Orc:2    | Aim: an orc high priest, wielding a +0 scimitar of freezing
                  | (severely wounded, strong, about 27% to evade the +12
                  | glaive of Prune)
 17288 | Orc:2    | Aim: an orc high priest, wielding a +0 scimitar of freezing
                  | (severely wounded, about 27% to evade the +12 glaive of
                  | Prune)
 17288 | Orc:2    | Aim: an orc high priest, wielding a +0 scimitar of freezing
                  | (severely wounded, about 27% to evade the +12 glaive of
                  | Prune)
 17290 | Orc:2    | Reached skill level 17 in Polearms
 17356 | Orc:1    | Aim: an orc warrior, wielding a +0 war axe and wearing a +0
                  | chain mail (strong, about 25% to evade the +12 glaive of
                  | Prune)
 17356 | Orc:1    | Aim: an orc warrior, wielding a +0 war axe and wearing a +0
                  | chain mail (strong, about 25% to evade the +12 glaive of
                  | Prune)
 17357 | Orc:1    | Aim: an orc warrior, wielding a +0 war axe and wearing a +0
                  | chain mail (severely wounded, strong, about 25% to evade
                  | the +12 glaive of Prune)
 17357 | Orc:1    | Aim: an orc warrior, wielding a +0 war axe and wearing a +0
                  | chain mail (severely wounded, strong, about 25% to evade
                  | the +12 glaive of Prune)
 17358 | Orc:1    | Aim: an orc warrior, wielding a +0 war axe and wearing a +0
                  | chain mail (severely wounded, strong, about 25% to evade
                  | the +12 glaive of Prune)
 17358 | Orc:1    | Aim: an orc warrior, wielding a +0 war axe and wearing a +0
                  | chain mail (severely wounded, strong, about 25% to evade
                  | the +12 glaive of Prune)
 17413 | Orc:2    | Aim: an orc warrior, wielding a +0 glaive and wearing a +0
                  | plate armour (about 23% to evade the +12 glaive of Prune)
 17413 | Orc:2    | Aim: an orc warrior, wielding a +0 glaive and wearing a +0
                  | plate armour (about 23% to evade the +12 glaive of Prune)
 17524 | Orc:2    | Reached skill level 4 in Armour
 17529 | Orc:2    | Aim: an orc warrior, wielding a +0 scimitar and wearing a
                  | +0 chain mail (about 25% to evade the +12 glaive of Prune)
 17529 | Orc:2    | Aim: an orc warrior, wielding a +0 scimitar and wearing a
                  | +0 chain mail (about 25% to evade the +12 glaive of Prune)
 17678 | Orc:2    | Aim: an orc sorcerer, wielding a +0 dagger and wearing a +0
                  | robe (lightly wounded, about 27% to evade the +12 glaive of
                  | Prune)
 17678 | Orc:2    | Aim: an orc sorcerer, wielding a +0 dagger and wearing a +0
                  | robe (lightly wounded, about 27% to evade the +12 glaive of
                  | Prune)
 17679 | Orc:2    | Aim: an orc sorcerer, wielding a +0 dagger and wearing a +0
                  | robe (lightly wounded, about 27% to evade the +12 glaive of
                  | Prune)
 17679 | Orc:2    | Aim: an orc sorcerer, wielding a +0 dagger and wearing a +0
                  | robe (lightly wounded, about 27% to evade the +12 glaive of
                  | Prune)
 17680 | Orc:2    | Aim: an orc sorcerer, wielding a +0 dagger and wearing a +0
                  | robe (lightly wounded, about 27% to evade the +12 glaive of
                  | Prune)
 17680 | Orc:2    | Aim: an orc sorcerer, wielding a +0 dagger and wearing a +0
                  | robe (lightly wounded, about 27% to evade the +12 glaive of
                  | Prune)
 17682 | Orc:2    | Aim: an orc sorcerer, wielding a +0 dagger and wearing a +0
                  | robe (moderately wounded, strong, fleeing, about 27% to
                  | evade the +12 glaive of Prune)
 17682 | Orc:2    | Aim: an orc sorcerer, wielding a +0 dagger and wearing a +0
                  | robe (moderately wounded, strong, fleeing, about 27% to
                  | evade the +12 glaive of Prune)
 17683 | Orc:2    | Aim: an orc priest, wielding a +0 dagger (strong, about 23%
                  | to evade the +12 glaive of Prune)
 17683 | Orc:2    | Aim: an orc priest, wielding a +0 dagger (strong, about 23%
                  | to evade the +12 glaive of Prune)
 17779 | Orc:2    | Aim: an orc knight, wielding a +0 arbalest, wearing a +0
                  | chain mail and quivering bolts (lightly wounded, about 25%
                  | to evade the +12 glaive of Prune)
 17779 | Orc:2    | Aim: an orc knight, wielding a +0 arbalest, wearing a +0
                  | chain mail and quivering bolts (lightly wounded, about 25%
                  | to evade the +12 glaive of Prune)
 17780 | Orc:2    | Aim: an orc knight, wielding a +0 arbalest, wearing a +0
                  | chain mail and quivering bolts (moderately wounded, about
                  | 25% to evade the +12 glaive of Prune)
 17780 | Orc:2    | Aim: an orc knight, wielding a +0 arbalest, wearing a +0
                  | chain mail and quivering bolts (moderately wounded, about
                  | 25% to evade the +12 glaive of Prune)
 17781 | Orc:2    | Aim: an orc knight, wielding a +0 arbalest, wearing a +0
                  | chain mail and quivering bolts (severely wounded, about 25%
                  | to evade the +12 glaive of Prune)
 17781 | Orc:2    | Aim: an orc knight, wielding a +0 arbalest, wearing a +0
                  | chain mail and quivering bolts (severely wounded, about 25%
                  | to evade the +12 glaive of Prune)
 17782 | Orc:2    | Aim: an orc knight, wielding a +0 arbalest, wearing a +0
                  | chain mail and quivering bolts (severely wounded, about 25%
                  | to evade the +12 glaive of Prune)
 17782 | Orc:2    | Aim: an orc knight, wielding a +0 arbalest, wearing a +0
                  | chain mail and quivering bolts (severely wounded, about 25%
                  | to evade the +12 glaive of Prune)
 17783 | Orc:2    | Aim: an orc knight, wielding a +0 arbalest, wearing a +0
                  | chain mail and quivering bolts (almost dead, about 25% to
                  | evade the +12 glaive of Prune)
 17783 | Orc:2    | Aim: an orc knight, wielding a +0 arbalest, wearing a +0
                  | chain mail and quivering bolts (almost dead, about 25% to
                  | evade the +12 glaive of Prune)
 17798 | Orc:2    | Found Juats's Assorted Antiques.
 17798 | Orc:2    | Found Doczoc's Distillery.
 17800 | Orc:2    | Found Lopsatet's Distillery.
 17800 | Orc:2    | Found Riukiatz's Book Emporium.
 17824 | Orc:2    | Bought a red potion for 24 gold pieces
 17824 | Orc:2    | Bought a potion of curing for 81 gold pieces
 17829 | Orc:2    | Bought a potion of experience for 800 gold pieces
 17829 | Orc:2    | Reached skill level 6 in Armour
 17829 | Orc:2    | Reached XP level 15. HP: 130/130 MP: 21/21
 17897 | Orc:1    | Aim: an orc, wielding a +0 short sword and quivering
                  | boomerangs (strong, about 23% to evade the +12 glaive of
                  | Prune)
 17897 | Orc:1    | Aim: an orc, wielding a +0 short sword and quivering
                  | boomerangs (strong, about 23% to evade the +12 glaive of
                  | Prune)
 17898 | Orc:1    | Aim: an orc warrior, wielding a +0 halberd and wearing a +0
                  | plate armour (strong, about 23% to evade the +12 glaive of
                  | Prune)
 17898 | Orc:1    | Aim: an orc warrior, wielding a +0 halberd and wearing a +0
                  | plate armour (strong, about 23% to evade the +12 glaive of
                  | Prune)
 18189 | Lair:1   | Entered Level 1 of the Lair of Beasts
 18285 | Lair:1   | Reached ****** piety under Lugonu
 18628 | D:10     | Killed Deeps's ghost
 18906 | Lair:1   | Reached XP level 16. HP: 138/138 MP: 22/22
 19715 | Lair:2   | You pick up a book of the Earth and begin reading...
 19715 | Lair:2   | You add the spells Leda's Liquefaction, Lee's Rapid
                  | Deconstruction and Statue Form to your library.
 19779 | Lair:2   | Found a frozen archway.
 19790 | IceCv    | Entered an ice cave
 20442 | IceCv    | You add the spells Ozocubu's Armour and Ozocubu's
                  | Refrigeration to your library.
 20549 | Lair:2   | You add the spells Summon Forest and Eringya's Noxious Bog
                  | to your library.
 20806 | Lair:2   | Noticed Nergalle
 20814 | Lair:2   | Killed Nergalle
 20815 | Lair:2   | Reached skill level 7 in Armour
 20882 | Lair:2   | You pick up a book of Displacement and begin reading...
 20882 | Lair:2   | You add the spells Lesser Beckoning, Gell's Gravitas and
                  | Teleport Other to your library.
 21054 | Lair:2   | Reached skill level 13 in Fighting
 21602 | Lair:3   | Found a staircase to the Shoals.
 21679 | Lair:3   | You pick up a book of Blasting and begin reading...
 21679 | Lair:3   | You add the spells Fulminant Prism and Iskenderun's Mystic
                  | Blast to your library.
 21751 | Lair:3   | Found a blossoming altar of Fedhas.
 21808 | Lair:3   | Reached skill level 18 in Polearms
 21905 | Lair:3   | Found a hole to the Spider Nest.
 22505 | Lair:4   | Acquired 697 gold pieces
 23285 | Lair:5   | You pick up a book of Frost and begin reading...
 23285 | Lair:5   | You add the spells Freeze, Frozen Ramparts and Hailstorm to
                  | your library.
 24235 | Lair:6   | Entered Level 6 of the Lair of Beasts
 24235 | Lair:6   | Found an ornate altar of the Wu Jian Council.
 24235 | Lair:6   | Found a hide-covered altar of Uskayaw.
 24394 | Lair:6   | Reached skill level 8 in Armour
 24465 | Lair:6   | You pick up a book of Spectacle and begin reading...
 24465 | Lair:6   | You add the spells Dazzling Flash and Starburst to your
                  | library.
 25225 | Lair:6   | Found a viscous altar of Jiyva.
 25225 | Lair:6   | Found a staircase to the Slime Pits.
 25322 | Lair:6   | Reached skill level 19 in Polearms
 25515 | Elf:1    | Entered Level 1 of the Elven Halls
 25545 | Elf:1    | Found a radiant altar of Vehumet.
 25551 | Elf:1    | Reached skill level 14 in Fighting
 25582 | Elf:1    | Reached XP level 17. HP: 138/148 MP: 23/23
 25648 | Elf:1    | Aim: a deep elf pyromancer, wielding a +0 long sword (about
                  | 27% to evade the +12 glaive of Prune)
 25648 | Elf:1    | Aim: a deep elf pyromancer, wielding a +0 long sword (about
                  | 27% to evade the +12 glaive of Prune)
 25659 | Elf:1    | Aim: a deep elf archer, wielding a +2 longbow of freezing,
                  | wearing a +0 leather armour and quivering arrows (repelling
                  | missiles, about 31% to evade the +12 glaive of Prune)
 25659 | Elf:1    | Aim: a deep elf archer, wielding a +2 longbow of freezing,
                  | wearing a +0 leather armour and quivering arrows (repelling
                  | missiles, about 31% to evade the +12 glaive of Prune)
 25660 | Elf:1    | Aim: a deep elf archer, wielding a +2 longbow of freezing,
                  | wearing a +0 leather armour and quivering arrows (repelling
                  | missiles, about 31% to evade the +12 glaive of Prune)
 25660 | Elf:1    | Aim: a deep elf archer, wielding a +2 longbow of freezing,
                  | wearing a +0 leather armour and quivering arrows (repelling
                  | missiles, about 31% to evade the +12 glaive of Prune)
 25661 | Elf:1    | Aim: a deep elf archer, wielding a +0 dagger, wearing a +0
                  | leather armour and quivering arrows (repelling missiles,
                  | about 31% to evade the +12 glaive of Prune)
 25661 | Elf:1    | Aim: a deep elf archer, wielding a +0 dagger, wearing a +0
                  | leather armour and quivering arrows (repelling missiles,
                  | about 31% to evade the +12 glaive of Prune)
 25662 | Elf:1    | Aim: a deep elf archer, wielding a +0 dagger, wearing a +0
                  | leather armour and quivering arrows (repelling missiles,
                  | about 31% to evade the +12 glaive of Prune)
 25662 | Elf:1    | Aim: a deep elf archer, wielding a +0 dagger, wearing a +0
                  | leather armour and quivering arrows (repelling missiles,
                  | about 31% to evade the +12 glaive of Prune)
 25663 | Elf:1    | Aim: a deep elf archer, wielding a +0 dagger, wearing a +0
                  | leather armour and quivering arrows (almost dead, repelling
                  | missiles, about 31% to evade the +12 glaive of Prune)
 25663 | Elf:1    | Aim: a deep elf archer, wielding a +0 dagger, wearing a +0
                  | leather armour and quivering arrows (almost dead, repelling
                  | missiles, about 31% to evade the +12 glaive of Prune)
 25697 | Elf:1    | Aim: a deep elf zephyrmancer, wielding a +0 short sword
                  | (about 27% to evade the +12 glaive of Prune)
 25697 | Elf:1    | Aim: a deep elf zephyrmancer, wielding a +0 short sword
                  | (about 27% to evade the +12 glaive of Prune)
 25844 | Elf:1    | Noticed Asterion
 25854 | Elf:1    | Aim: Asterion, wielding a +4 demon trident of
                  | electrocution, wearing a +0 chain mail and wearing a +0
                  | kite shield (about 5% to evade the +12 glaive of Prune)
 25854 | Elf:1    | Aim: Asterion, wielding a +4 demon trident of
                  | electrocution, wearing a +0 chain mail and wearing a +0
                  | kite shield (about 5% to evade the +12 glaive of Prune)
 25855 | Elf:1    | Aim: Asterion, wielding a +4 demon trident of
                  | electrocution, wearing a +0 chain mail and wearing a +0
                  | kite shield (silenced, about 5% to evade the +12 glaive of
                  | Prune)
 25855 | Elf:1    | Aim: Asterion, wielding a +4 demon trident of
                  | electrocution, wearing a +0 chain mail and wearing a +0
                  | kite shield (silenced, about 5% to evade the +12 glaive of
                  | Prune)
 25856 | Elf:1    | Aim: Asterion, wielding a +4 demon trident of
                  | electrocution, wearing a +0 chain mail and wearing a +0
                  | kite shield (silenced, lightly wounded, about 5% to evade
                  | the +12 glaive of Prune)
 25856 | Elf:1    | Aim: Asterion, wielding a +4 demon trident of
                  | electrocution, wearing a +0 chain mail and wearing a +0
                  | kite shield (silenced, lightly wounded, about 5% to evade
                  | the +12 glaive of Prune)
 25857 | Elf:1    | Aim: Asterion, wielding a +4 demon trident of
                  | electrocution, wearing a +0 chain mail and wearing a +0
                  | kite shield (silenced, lightly wounded, about 5% to evade
                  | the +12 glaive of Prune)
 25857 | Elf:1    | Aim: Asterion, wielding a +4 demon trident of
                  | electrocution, wearing a +0 chain mail and wearing a +0
                  | kite shield (silenced, lightly wounded, about 5% to evade
                  | the +12 glaive of Prune)
 25858 | Elf:1    | Aim: Asterion, wielding a +4 demon trident of
                  | electrocution, wearing a +0 chain mail and wearing a +0
                  | kite shield (silenced, heavily wounded, about 5% to evade
                  | the +12 glaive of Prune)
 25858 | Elf:1    | Aim: Asterion, wielding a +4 demon trident of
                  | electrocution, wearing a +0 chain mail and wearing a +0
                  | kite shield (silenced, heavily wounded, about 5% to evade
                  | the +12 glaive of Prune)
 25859 | Elf:1    | Aim: Asterion, wielding a +4 demon trident of
                  | electrocution, wearing a +0 chain mail and wearing a +0
                  | kite shield (silenced, heavily wounded, about 5% to evade
                  | the +12 glaive of Prune)
 25859 | Elf:1    | Aim: Asterion, wielding a +4 demon trident of
                  | electrocution, wearing a +0 chain mail and wearing a +0
                  | kite shield (silenced, heavily wounded, about 5% to evade
                  | the +12 glaive of Prune)
 25860 | Elf:1    | Aim: Asterion, wielding a +4 demon trident of
                  | electrocution, wearing a +0 chain mail and wearing a +0
                  | kite shield (silenced, almost dead, about 5% to evade the
                  | +12 glaive of Prune)
 25860 | Elf:1    | Aim: Asterion, wielding a +4 demon trident of
                  | electrocution, wearing a +0 chain mail and wearing a +0
                  | kite shield (silenced, almost dead, about 5% to evade the
                  | +12 glaive of Prune)
 25861 | Elf:1    | Aim: Asterion, wielding a +4 demon trident of
                  | electrocution, wearing a +0 chain mail and wearing a +0
                  | kite shield (silenced, almost dead, about 5% to evade the
                  | +12 glaive of Prune)
 25861 | Elf:1    | Aim: Asterion, wielding a +4 demon trident of
                  | electrocution, wearing a +0 chain mail and wearing a +0
                  | kite shield (silenced, almost dead, about 5% to evade the
                  | +12 glaive of Prune)
 25862 | Elf:1    | Aim: Asterion, wielding a +4 demon trident of
                  | electrocution, wearing a +0 chain mail and wearing a +0
                  | kite shield (silenced, almost dead, about 5% to evade the
                  | +12 glaive of Prune)
 25862 | Elf:1    | Aim: Asterion, wielding a +4 demon trident of
                  | electrocution, wearing a +0 chain mail and wearing a +0
                  | kite shield (silenced, almost dead, about 5% to evade the
                  | +12 glaive of Prune)
 25863 | Elf:1    | Aim: Asterion, wielding a +4 demon trident of
                  | electrocution, wearing a +0 chain mail and wearing a +0
                  | kite shield (silenced, almost dead, about 5% to evade the
                  | +12 glaive of Prune)
 25863 | Elf:1    | Aim: Asterion, wielding a +4 demon trident of
                  | electrocution, wearing a +0 chain mail and wearing a +0
                  | kite shield (silenced, almost dead, about 5% to evade the
                  | +12 glaive of Prune)
 25866 | Elf:1    | Killed Asterion
 26168 | D:4      | Bought a tower shield for 121 gold pieces
 26173 | D:4      | Identified a +9 demon trident of distortion (a +7 vorpal
                  | demon trident corrupted by Lugonu)
 26173 | D:4      | Received a gift from Lugonu
 26416 | Spider:1 | Entered Level 1 of the Spider Nest
 26655 | Spider:1 | Reached skill level 1 in Shields
 26771 | Spider:1 | Reached skill level 2 in Shields
 26793 | Spider:1 | Reached skill level 9 in Armour
 26913 | Spider:1 | Reached skill level 3 in Shields
 27134 | Spider:1 | Identified the +2 cloak "Ynkiuxya" {Dex+6}
 28312 | Spider:2 | Reached skill level 4 in Shields
 28569 | Spider:3 | Noticed Aizul
 28587 | Spider:3 | Killed Aizul
 29047 | Spider:3 | Reached skill level 5 in Shields
 29208 | Spider:4 | Entered Level 4 of the Spider Nest
 29411 | Spider:4 | You pick up a book of Burglary and begin reading...
 29411 | Spider:4 | You add the spells Passwall and Swiftness to your library.
 29480 | Spider:4 | Reached skill level 15 in Fighting
 29495 | Spider:4 | Reached skill level 6 in Shields
 29793 | Spider:4 | Acquired the +2 pair of gloves "Dixzaor" {rC++ Regen+}
 29816 | Spider:4 | Reached XP level 18. HP: 159/159 MP: 24/24
 29924 | Spider:4 | Reached skill level 10 in Armour
 29960 | Spider:4 | Reached skill level 7 in Shields
 30461 | Spider:4 | Got a gossamer rune of Zot
 30735 | Vaults:1 | Entered Level 1 of the Vaults
 30776 | Vaults:1 | Reached skill level 8 in Shields
 30917 | Vaults:1 | You add the spells Slow, Corpse Rot and Inner Flame to your
                  | library.
 30917 | Vaults:1 | Got the Incunabulum of Enchantment and Feathers
 31018 | Vaults:1 | Reached skill level 9 in Shields
 31071 | Vaults:1 | Reached skill level 16 in Fighting
 31659 | Vaults:1 | Reached skill level 10 in Shields
 31944 | Vaults:1 | Reached XP level 19. HP: 170/170 MP: 25/25
 32012 | Vaults:2 | Noticed Saint Roka
 32033 | Vaults:1 | Reached skill level 1 in Evocations
 32053 | Vaults:2 | HP: 40/170 [Saint Roka/divine providence (11)]
 32056 | Vaults:2 | Aim: an orc warrior, wielding a +0 glaive and wearing a +0
                  | plate armour (strong, about 20% to evade the +12 glaive of
                  | Prune)
 32056 | Vaults:2 | Aim: an orc warrior, wielding a +0 glaive and wearing a +0
                  | plate armour (strong, about 20% to evade the +12 glaive of
                  | Prune)
 32056 | Vaults:2 | Aim: Saint Roka, wielding a +0 battleaxe and wearing a +0
                  | chain mail (almost dead, about 17% to evade the +12 glaive
                  | of Prune)
 32056 | Vaults:2 | Killed Saint Roka
 32057 | Vaults:2 | Aim: an orc warrior, wielding a +0 glaive and wearing a +0
                  | plate armour (strong, about 20% to evade the +12 glaive of
                  | Prune)
 32057 | Vaults:2 | Aim: an orc warrior, wielding a +0 glaive and wearing a +0
                  | plate armour (strong, about 20% to evade the +12 glaive of
                  | Prune)
 32058 | Vaults:2 | Aim: an orc warrior, wielding a +0 glaive and wearing a +0
                  | plate armour (strong, about 20% to evade the +12 glaive of
                  | Prune)
 32058 | Vaults:2 | Aim: an orc warrior, wielding a +0 glaive and wearing a +0
                  | plate armour (strong, about 20% to evade the +12 glaive of
                  | Prune)
 32158 | Vaults:2 | Aim: a vault guard, wielding a +0 great mace and wearing a
                  | +0 plate armour (strong, about 20% to evade the +12 glaive
                  | of Prune)
 32158 | Vaults:2 | Aim: a vault guard, wielding a +0 great mace and wearing a
                  | +0 plate armour (strong, about 20% to evade the +12 glaive
                  | of Prune)
 32158 | Vaults:2 | Aim: an ironbound convoker, wielding a +0 great mace and
                  | wearing a +0 ring mail (chanting recall, about 18% to evade
                  | the +12 glaive of Prune)
 32159 | Vaults:2 | Aim: an ironbound convoker, wielding a +0 great mace and
                  | wearing a +0 ring mail (heavily wounded, chanting recall,
                  | about 18% to evade the +12 glaive of Prune)
 32159 | Vaults:2 | Aim: an ironbound convoker, wielding a +0 great mace and
                  | wearing a +0 ring mail (heavily wounded, chanting recall,
                  | about 18% to evade the +12 glaive of Prune)
 32160 | Vaults:2 | Aim: a vault guard, wielding a +0 great mace and wearing a
                  | +0 plate armour (strong, about 20% to evade the +12 glaive
                  | of Prune)
 32160 | Vaults:2 | Aim: a vault guard, wielding a +0 great mace and wearing a
                  | +0 plate armour (strong, about 20% to evade the +12 glaive
                  | of Prune)
 32160 | Vaults:2 | Aim: an ironbound convoker, wielding a +0 great mace and
                  | wearing a +0 scale mail (strong, about 18% to evade the +12
                  | glaive of Prune)
 32275 | Vaults:2 | Aim: an ironbound convoker, wielding a +0 flail and wearing
                  | a +0 ring mail (about 18% to evade the +12 glaive of Prune)
 32276 | Vaults:2 | Aim: an ironbound convoker, wielding a +0 flail and wearing
                  | a +0 ring mail (heavily wounded, about 18% to evade the +12
                  | glaive of Prune)
 32276 | Vaults:2 | Aim: an ironbound convoker, wielding a +0 flail and wearing
                  | a +0 ring mail (heavily wounded, about 18% to evade the +12
                  | glaive of Prune)
 32277 | Vaults:2 | Aim: an ironbound convoker, wielding a +0 flail and wearing
                  | a +0 ring mail (heavily wounded, about 18% to evade the +12
                  | glaive of Prune)
 32277 | Vaults:2 | Aim: an ironbound convoker, wielding a +0 flail and wearing
                  | a +0 ring mail (heavily wounded, about 18% to evade the +12
                  | glaive of Prune)
 32278 | Vaults:2 | Aim: an ironbound preserver, wielding a +0 morningstar and
                  | wearing a +0 leather armour (heavily wounded, about 13% to
                  | evade the +12 glaive of Prune)
 32278 | Vaults:2 | Aim: an ironbound preserver, wielding a +0 morningstar and
                  | wearing a +0 leather armour (heavily wounded, about 13% to
                  | evade the +12 glaive of Prune)
 32283 | Vaults:2 | Reached skill level 2 in Evocations
 32364 | Vaults:2 | Reached skill level 11 in Shields
 32366 | Vaults:2 | Aim: an orc knight, wielding a +0 arbalest, wearing a +0
                  | plate armour and quivering bolts (strong, about 20% to
                  | evade the +12 glaive of Prune)
 32366 | Vaults:2 | Aim: an orc knight, wielding a +0 arbalest, wearing a +0
                  | plate armour and quivering bolts (strong, about 20% to
                  | evade the +12 glaive of Prune)
 32367 | Vaults:2 | Aim: an orc knight, wielding a +0 arbalest, wearing a +0
                  | plate armour and quivering bolts (lightly wounded, strong,
                  | about 20% to evade the +12 glaive of Prune)
 32367 | Vaults:2 | Aim: an orc knight, wielding a +0 arbalest, wearing a +0
                  | plate armour and quivering bolts (lightly wounded, strong,
                  | about 20% to evade the +12 glaive of Prune)
 32368 | Vaults:2 | Aim: an orc knight, wielding a +0 arbalest, wearing a +0
                  | plate armour and quivering bolts (moderately wounded,
                  | strong, about 20% to evade the +12 glaive of Prune)
 32368 | Vaults:2 | Aim: an orc knight, wielding a +0 arbalest, wearing a +0
                  | plate armour and quivering bolts (moderately wounded,
                  | strong, about 20% to evade the +12 glaive of Prune)
 32369 | Vaults:2 | Aim: an orc knight, wielding a +0 arbalest, wearing a +0
                  | plate armour and quivering bolts (severely wounded, about
                  | 20% to evade the +12 glaive of Prune)
 32369 | Vaults:2 | Aim: an orc knight, wielding a +0 arbalest, wearing a +0
                  | plate armour and quivering bolts (severely wounded, about
                  | 20% to evade the +12 glaive of Prune)
 32370 | Vaults:2 | Aim: a vault guard, wielding a +3 great sword of flaming
                  | and wearing a +0 plate armour (about 20% to evade the +12
                  | glaive of Prune)
 32370 | Vaults:2 | Aim: a vault guard, wielding a +3 great sword of flaming
                  | and wearing a +0 plate armour (about 20% to evade the +12
                  | glaive of Prune)
 32371 | Vaults:2 | Aim: a vault guard, wielding a +3 great sword of flaming
                  | and wearing a +0 plate armour (about 20% to evade the +12
                  | glaive of Prune)
 32371 | Vaults:2 | Aim: a vault guard, wielding a +3 great sword of flaming
                  | and wearing a +0 plate armour (about 20% to evade the +12
                  | glaive of Prune)
 32372 | Vaults:2 | Aim: a vault guard, wielding a +3 great sword of flaming
                  | and wearing a +0 plate armour (lightly wounded, about 20%
                  | to evade the +12 glaive of Prune)
 32372 | Vaults:2 | Aim: a vault guard, wielding a +3 great sword of flaming
                  | and wearing a +0 plate armour (lightly wounded, about 20%
                  | to evade the +12 glaive of Prune)
 32444 | Vaults:2 | Found Ceott's Distillery.
 32458 | Vaults:2 | Bought a potion of heal wounds for 75 gold pieces
 32458 | Vaults:2 | Bought a potion of mutation for 120 gold pieces
 32482 | Vaults:2 | Noticed Frederick
 32639 | Vaults:2 | Reached skill level 3 in Evocations
 33503 | Vaults:2 | Aim: a war gargoyle, wielding a +0 lajatang (about 10% to
                  | evade the +12 glaive of Prune)
 33503 | Vaults:2 | Aim: a war gargoyle, wielding a +0 lajatang (about 10% to
                  | evade the +12 glaive of Prune)
 33504 | Vaults:2 | Aim: a war gargoyle, wielding a +0 lajatang (moderately
                  | damaged, about 10% to evade the +12 glaive of Prune)
 33504 | Vaults:2 | Aim: a war gargoyle, wielding a +0 lajatang (moderately
                  | damaged, about 10% to evade the +12 glaive of Prune)
 33505 | Vaults:2 | Aim: a war gargoyle, wielding a +0 lajatang (severely
                  | damaged, about 10% to evade the +12 glaive of Prune)
 33505 | Vaults:2 | Aim: a war gargoyle, wielding a +0 lajatang (severely
                  | damaged, about 10% to evade the +12 glaive of Prune)
 33506 | Vaults:2 | Aim: a war gargoyle, wielding a +3 vorpal flail (about 10%
                  | to evade the +12 glaive of Prune)
 33506 | Vaults:2 | Aim: a war gargoyle, wielding a +3 vorpal flail (about 10%
                  | to evade the +12 glaive of Prune)
 33507 | Vaults:2 | Aim: a war gargoyle, wielding a +3 vorpal flail (moderately
                  | damaged, about 10% to evade the +12 glaive of Prune)
 33507 | Vaults:2 | Aim: a war gargoyle, wielding a +3 vorpal flail (moderately
                  | damaged, about 10% to evade the +12 glaive of Prune)
 33508 | Vaults:2 | Aim: a war gargoyle, wielding a +3 vorpal flail (almost
                  | destroyed, catching its breath, about 10% to evade the +12
                  | glaive of Prune)
 33508 | Vaults:2 | Aim: a war gargoyle, wielding a +3 vorpal flail (almost
                  | destroyed, catching its breath, about 10% to evade the +12
                  | glaive of Prune)
 33532 | Vaults:2 | Aim: Frederick, wielding a +1 vorpal broad axe and wearing
                  | a +0 chain mail (silenced, about 17% to evade the +12
                  | glaive of Prune)
 33532 | Vaults:2 | Aim: Frederick, wielding a +1 vorpal broad axe and wearing
                  | a +0 chain mail (silenced, about 17% to evade the +12
                  | glaive of Prune)
 33533 | Vaults:2 | Aim: Frederick, wielding a +1 vorpal broad axe and wearing
                  | a +0 chain mail (silenced, lightly wounded, about 17% to
                  | evade the +12 glaive of Prune)
 33533 | Vaults:2 | Aim: Frederick, wielding a +1 vorpal broad axe and wearing
                  | a +0 chain mail (silenced, lightly wounded, about 17% to
                  | evade the +12 glaive of Prune)
 33534 | Vaults:2 | Aim: Frederick, wielding a +1 vorpal broad axe and wearing
                  | a +0 chain mail (silenced, lightly wounded, about 17% to
                  | evade the +12 glaive of Prune)
 33534 | Vaults:2 | Aim: Frederick, wielding a +1 vorpal broad axe and wearing
                  | a +0 chain mail (silenced, lightly wounded, about 17% to
                  | evade the +12 glaive of Prune)
 33535 | Vaults:2 | Aim: Frederick, wielding a +1 vorpal broad axe and wearing
                  | a +0 chain mail (silenced, lightly wounded, about 17% to
                  | evade the +12 glaive of Prune)
 33535 | Vaults:2 | Aim: Frederick, wielding a +1 vorpal broad axe and wearing
                  | a +0 chain mail (silenced, lightly wounded, about 17% to
                  | evade the +12 glaive of Prune)
 33538 | Vaults:2 | Killed Frederick
 33539 | Vaults:2 | Reached skill level 17 in Fighting
 33791 | Vaults:2 | Reached skill level 4 in Evocations
 33907 | Vaults:2 | Reached skill level 12 in Shields
 34440 | Vaults:3 | Reached skill level 11 in Dodging
 34461 | Vaults:3 | Aim: an orc knight, wielding a +0 long sword, wearing a +0
                  | chain mail and quivering bolts (strong, about 22% to evade
                  | the +12 glaive of Prune)
 34462 | Vaults:3 | Aim: an orc knight, wielding a +0 long sword, wearing a +0
                  | chain mail and quivering bolts (strong, about 22% to evade
                  | the +12 glaive of Prune)
 34462 | Vaults:3 | Aim: an orc knight, wielding a +0 long sword, wearing a +0
                  | chain mail and quivering bolts (strong, about 22% to evade
                  | the +12 glaive of Prune)
 34463 | Vaults:3 | Aim: an orc knight, wielding a +0 long sword, wearing a +0
                  | chain mail and quivering bolts (strong, about 22% to evade
                  | the +12 glaive of Prune)
 34463 | Vaults:3 | Aim: an orc knight, wielding a +0 long sword, wearing a +0
                  | chain mail and quivering bolts (strong, about 22% to evade
                  | the +12 glaive of Prune)
 34464 | Vaults:3 | Aim: an orc knight, wielding a +0 long sword, wearing a +0
                  | chain mail and quivering bolts (heavily wounded, strong,
                  | about 22% to evade the +12 glaive of Prune)
 34464 | Vaults:3 | Aim: an orc knight, wielding a +0 long sword, wearing a +0
                  | chain mail and quivering bolts (heavily wounded, strong,
                  | about 22% to evade the +12 glaive of Prune)
 34465 | Vaults:3 | Aim: an orc knight, wielding a +0 long sword, wearing a +0
                  | chain mail and quivering bolts (heavily wounded, strong,
                  | about 22% to evade the +12 glaive of Prune)
 34465 | Vaults:3 | Aim: an orc knight, wielding a +0 long sword, wearing a +0
                  | chain mail and quivering bolts (heavily wounded, strong,
                  | about 22% to evade the +12 glaive of Prune)
 34466 | Vaults:3 | Aim: an orc knight, wielding a +0 long sword, wearing a +0
                  | chain mail and quivering bolts (heavily wounded, strong,
                  | about 22% to evade the +12 glaive of Prune)
 34466 | Vaults:3 | Aim: an orc knight, wielding a +0 long sword, wearing a +0
                  | chain mail and quivering bolts (heavily wounded, strong,
                  | about 22% to evade the +12 glaive of Prune)
 34467 | Vaults:3 | Aim: an orc knight, wielding a +0 long sword, wearing a +0
                  | chain mail and quivering bolts (severely wounded, strong,
                  | about 22% to evade the +12 glaive of Prune)
 34467 | Vaults:3 | Aim: an orc knight, wielding a +0 long sword, wearing a +0
                  | chain mail and quivering bolts (severely wounded, strong,
                  | about 22% to evade the +12 glaive of Prune)
 34468 | Vaults:3 | Reached skill level 5 in Evocations
 34468 | Vaults:3 | Aim: an orc knight, wielding a +0 long sword, wearing a +0
                  | chain mail and quivering bolts (severely wounded, strong,
                  | about 22% to evade the +12 glaive of Prune)
 34468 | Vaults:3 | Aim: an orc knight, wielding a +0 long sword, wearing a +0
                  | chain mail and quivering bolts (severely wounded, strong,
                  | about 22% to evade the +12 glaive of Prune)
 34469 | Vaults:3 | Aim: an orc warlord, wielding a +3 dire flail and wearing a
                  | +2 chain mail of cold resistance (strong, about 17% to
                  | evade the +12 glaive of Prune)
 34469 | Vaults:3 | Aim: an orc warlord, wielding a +3 dire flail and wearing a
                  | +2 chain mail of cold resistance (strong, about 17% to
                  | evade the +12 glaive of Prune)
 34480 | Vaults:3 | Aim: an orc knight, wielding a +0 dire flail of draining
                  | and wearing a +0 chain mail (almost dead, strong, about 22%
                  | to evade the +12 glaive of Prune)
 34480 | Vaults:3 | Aim: an orc knight, wielding a +0 dire flail of draining
                  | and wearing a +0 chain mail (almost dead, strong, about 22%
                  | to evade the +12 glaive of Prune)
 34480 | Vaults:3 | Aim: a wizard, wielding a +1 dagger of flaming and wearing
                  | a +0 robe (slightly transparent, about 25% to evade the +12
                  | glaive of Prune)
 34481 | Vaults:3 | Aim: a wizard, wielding a +1 dagger of flaming and wearing
                  | a +0 robe (moderately wounded, slightly transparent, about
                  | 25% to evade the +12 glaive of Prune)
 34481 | Vaults:3 | Aim: a wizard, wielding a +1 dagger of flaming and wearing
                  | a +0 robe (moderately wounded, slightly transparent, about
                  | 25% to evade the +12 glaive of Prune)
 34482 | Vaults:3 | Aim: a wizard, wielding a +1 dagger of flaming and wearing
                  | a +0 robe (moderately wounded, slightly transparent, about
                  | 25% to evade the +12 glaive of Prune)
 34482 | Vaults:3 | Aim: a wizard, wielding a +1 dagger of flaming and wearing
                  | a +0 robe (moderately wounded, slightly transparent, about
                  | 25% to evade the +12 glaive of Prune)
 34483 | Vaults:3 | Aim: a wizard, wielding a +1 dagger of flaming and wearing
                  | a +0 robe (almost dead, slightly transparent, about 25% to
                  | evade the +12 glaive of Prune)
 34483 | Vaults:3 | Aim: a wizard, wielding a +1 dagger of flaming and wearing
                  | a +0 robe (almost dead, slightly transparent, about 25% to
                  | evade the +12 glaive of Prune)
 34485 | Vaults:3 | Aim: an orc knight, wielding a +0 long sword and wearing a
                  | +0 plate armour (strong, about 20% to evade the +12 glaive
                  | of Prune)
 34485 | Vaults:3 | Aim: an orc knight, wielding a +0 long sword and wearing a
                  | +0 plate armour (strong, about 20% to evade the +12 glaive
                  | of Prune)
 34486 | Vaults:3 | Aim: an orc knight, wielding a +0 long sword and wearing a
                  | +0 plate armour (strong, about 20% to evade the +12 glaive
                  | of Prune)
 34486 | Vaults:3 | Aim: an orc knight, wielding a +0 long sword and wearing a
                  | +0 plate armour (strong, about 20% to evade the +12 glaive
                  | of Prune)
 34487 | Vaults:3 | Aim: an orc knight, wielding a +0 long sword and wearing a
                  | +0 plate armour (strong, about 20% to evade the +12 glaive
                  | of Prune)
 34487 | Vaults:3 | Aim: an orc knight, wielding a +0 long sword and wearing a
                  | +0 plate armour (strong, about 20% to evade the +12 glaive
                  | of Prune)
 34488 | Vaults:3 | Aim: an orc knight, wielding a +0 long sword and wearing a
                  | +0 plate armour (lightly wounded, strong, about 20% to
                  | evade the +12 glaive of Prune)
 34488 | Vaults:3 | Aim: an orc knight, wielding a +0 long sword and wearing a
                  | +0 plate armour (lightly wounded, strong, about 20% to
                  | evade the +12 glaive of Prune)
 34489 | Vaults:3 | Aim: an orc knight, wielding a +0 long sword and wearing a
                  | +0 plate armour (moderately wounded, strong, about 20% to
                  | evade the +12 glaive of Prune)
 34489 | Vaults:3 | Aim: an orc knight, wielding a +0 long sword and wearing a
                  | +0 plate armour (moderately wounded, strong, about 20% to
                  | evade the +12 glaive of Prune)
 34490 | Vaults:3 | Aim: an orc knight, wielding a +0 long sword and wearing a
                  | +0 plate armour (almost dead, about 20% to evade the +12
                  | glaive of Prune)
 34490 | Vaults:3 | Aim: an orc knight, wielding a +0 long sword and wearing a
                  | +0 plate armour (almost dead, about 20% to evade the +12
                  | glaive of Prune)
 34767 | Vaults:3 | Aim: a vault warden, wielding a +2 glaive of flaming and
                  | wearing a +0 chain mail (about 22% to evade the +12 glaive
                  | of Prune)
 34767 | Vaults:3 | Aim: a vault warden, wielding a +2 glaive of flaming and
                  | wearing a +0 chain mail (about 22% to evade the +12 glaive
                  | of Prune)
 34768 | Vaults:3 | Aim: a vault warden, wielding a +2 glaive of flaming and
                  | wearing a +0 chain mail (moderately wounded, about 22% to
                  | evade the +12 glaive of Prune)
 34768 | Vaults:3 | Aim: a vault warden, wielding a +2 glaive of flaming and
                  | wearing a +0 chain mail (moderately wounded, about 22% to
                  | evade the +12 glaive of Prune)
 34769 | Vaults:3 | Aim: a vault warden, wielding a +2 glaive of flaming and
                  | wearing a +0 chain mail (heavily wounded, about 22% to
                  | evade the +12 glaive of Prune)
 34769 | Vaults:3 | Aim: a vault warden, wielding a +2 glaive of flaming and
                  | wearing a +0 chain mail (heavily wounded, about 22% to
                  | evade the +12 glaive of Prune)
 34770 | Vaults:3 | Aim: a vault warden, wielding a +2 glaive of flaming and
                  | wearing a +0 chain mail (almost dead, about 22% to evade
                  | the +12 glaive of Prune)
 34770 | Vaults:3 | Aim: a vault warden, wielding a +2 glaive of flaming and
                  | wearing a +0 chain mail (almost dead, about 22% to evade
                  | the +12 glaive of Prune)
 34771 | Vaults:3 | Reached XP level 20. HP: 75/179 MP: 26/26
 35043 | Vaults:3 | Identified the +1 long sword "Telethru" {vamp, rElec rC++
                  | Str+3 Int-5}
 35133 | Vaults:3 | Identified the +10 trident "Picemn" {protect, Str+4}
 35144 | Vaults:3 | Aim: an ironbound thunderhulk, wielding a +0 great mace and
                  | wearing a +0 ring mail (severely wounded, about 15% to
                  | evade the +12 glaive of Prune)
 35144 | Vaults:3 | Aim: an ironbound thunderhulk, wielding a +0 great mace and
                  | wearing a +0 ring mail (severely wounded, about 15% to
                  | evade the +12 glaive of Prune)
 35144 | Vaults:3 | Aim: a deep elf high priest, wielding the +10 trident
                  | "Picemn" {protect, Str+4} and wearing a +0 leather armour
                  | (about 25% to evade the +12 glaive of Prune)
 35145 | Vaults:3 | Aim: a deep elf high priest, wielding the +10 trident
                  | "Picemn" {protect, Str+4} and wearing a +0 leather armour
                  | (about 25% to evade the +12 glaive of Prune)
 35145 | Vaults:3 | Aim: a deep elf high priest, wielding the +10 trident
                  | "Picemn" {protect, Str+4} and wearing a +0 leather armour
                  | (about 25% to evade the +12 glaive of Prune)
 35146 | Vaults:3 | Aim: a deep elf high priest, wielding the +10 trident
                  | "Picemn" {protect, Str+4} and wearing a +0 leather armour
                  | (heavily wounded, about 25% to evade the +12 glaive of
                  | Prune)
 35146 | Vaults:3 | Aim: a deep elf high priest, wielding the +10 trident
                  | "Picemn" {protect, Str+4} and wearing a +0 leather armour
                  | (heavily wounded, about 25% to evade the +12 glaive of
                  | Prune)
 35147 | Vaults:3 | Aim: a deep elf high priest, wielding the +10 trident
                  | "Picemn" {protect, Str+4} and wearing a +0 leather armour
                  | (almost dead, about 25% to evade the +12 glaive of Prune)
 35147 | Vaults:3 | Aim: a deep elf high priest, wielding the +10 trident
                  | "Picemn" {protect, Str+4} and wearing a +0 leather armour
                  | (almost dead, about 25% to evade the +12 glaive of Prune)
 35148 | Vaults:3 | Aim: a deep elf high priest, wielding the +10 trident
                  | "Picemn" {protect, Str+4} and wearing a +0 leather armour
                  | (almost dead, about 25% to evade the +12 glaive of Prune)
 35148 | Vaults:3 | Aim: a deep elf high priest, wielding the +10 trident
                  | "Picemn" {protect, Str+4} and wearing a +0 leather armour
                  | (almost dead, about 25% to evade the +12 glaive of Prune)
 35149 | Vaults:3 | Aim: a deep elf high priest, wielding the +10 trident
                  | "Picemn" {protect, Str+4} and wearing a +0 leather armour
                  | (almost dead, about 25% to evade the +12 glaive of Prune)
 35149 | Vaults:3 | Aim: a deep elf high priest, wielding the +10 trident
                  | "Picemn" {protect, Str+4} and wearing a +0 leather armour
                  | (almost dead, about 25% to evade the +12 glaive of Prune)
 35372 | Vaults:3 | Aim: a death knight, wielding a +0 battleaxe and wearing a
                  | +0 chain mail (about 20% to evade the +12 glaive of Prune)
 35372 | Vaults:3 | Aim: a death knight, wielding a +0 battleaxe and wearing a
                  | +0 chain mail (about 20% to evade the +12 glaive of Prune)
 35373 | Vaults:3 | Aim: a death knight, wielding a +0 battleaxe and wearing a
                  | +0 chain mail (lightly wounded, about 20% to evade the +12
                  | glaive of Prune)
 35373 | Vaults:3 | Aim: a death knight, wielding a +0 battleaxe and wearing a
                  | +0 chain mail (lightly wounded, about 20% to evade the +12
                  | glaive of Prune)
 35375 | Vaults:3 | Aim: a death knight, wielding a +0 battleaxe and wearing a
                  | +0 chain mail (lightly wounded, about 20% to evade the +12
                  | glaive of Prune)
 35375 | Vaults:3 | Aim: a death knight, wielding a +0 battleaxe and wearing a
                  | +0 chain mail (lightly wounded, about 20% to evade the +12
                  | glaive of Prune)
 35375 | Vaults:3 | Aim: a death knight, wielding a +4 halberd and wearing a +0
                  | chain mail (about 20% to evade the +12 glaive of Prune)
 35376 | Vaults:3 | Aim: a death knight, wielding a +4 halberd and wearing a +0
                  | chain mail (heavily wounded, about 20% to evade the +12
                  | glaive of Prune)
 35376 | Vaults:3 | Aim: a death knight, wielding a +4 halberd and wearing a +0
                  | chain mail (heavily wounded, about 20% to evade the +12
                  | glaive of Prune)
 35377 | Vaults:3 | Aim: a death knight, wielding a +4 halberd and wearing a +0
                  | chain mail (heavily wounded, about 20% to evade the +12
                  | glaive of Prune)
 35377 | Vaults:3 | Aim: a death knight, wielding a +4 halberd and wearing a +0
                  | chain mail (heavily wounded, about 20% to evade the +12
                  | glaive of Prune)
 35378 | Vaults:3 | Aim: a death knight, wielding a +4 halberd and wearing a +0
                  | chain mail (heavily wounded, about 20% to evade the +12
                  | glaive of Prune)
 35378 | Vaults:3 | Aim: a death knight, wielding a +4 halberd and wearing a +0
                  | chain mail (heavily wounded, about 20% to evade the +12
                  | glaive of Prune)
 35379 | Vaults:3 | Aim: a death knight, wielding a +4 halberd and wearing a +0
                  | chain mail (heavily wounded, about 20% to evade the +12
                  | glaive of Prune)
 35379 | Vaults:3 | Aim: a death knight, wielding a +4 halberd and wearing a +0
                  | chain mail (heavily wounded, about 20% to evade the +12
                  | glaive of Prune)
 35380 | Vaults:3 | Aim: a death knight, wielding a +4 halberd and wearing a +0
                  | chain mail (heavily wounded, about 20% to evade the +12
                  | glaive of Prune)
 35380 | Vaults:3 | Aim: a death knight, wielding a +4 halberd and wearing a +0
                  | chain mail (heavily wounded, about 20% to evade the +12
                  | glaive of Prune)
 35381 | Vaults:3 | Aim: a death knight, wielding a +0 battleaxe and wearing a
                  | +0 chain mail (heavily wounded, reflecting injuries, about
                  | 20% to evade the +12 glaive of Prune)
 35381 | Vaults:3 | Aim: a death knight, wielding a +0 battleaxe and wearing a
                  | +0 chain mail (heavily wounded, reflecting injuries, about
                  | 20% to evade the +12 glaive of Prune)
 35441 | Vaults:3 | Found a staircase to the Crypt.
 35691 | Vaults:4 | Reached skill level 13 in Shields
 35758 | Vaults:4 | Reached skill level 6 in Evocations
 35886 | Vaults:4 | Aim: an ironbound thunderhulk, wielding a +0 dire flail and
                  | wearing a +0 ring mail (about 15% to evade the +12 glaive
                  | of Prune)
 35886 | Vaults:4 | Aim: an ironbound thunderhulk, wielding a +0 dire flail and
                  | wearing a +0 ring mail (about 15% to evade the +12 glaive
                  | of Prune)
 35887 | Vaults:4 | Aim: an ironbound thunderhulk, wielding a +0 dire flail and
                  | wearing a +0 ring mail (severely wounded, about 15% to
                  | evade the +12 glaive of Prune)
 35887 | Vaults:4 | Aim: an ironbound thunderhulk, wielding a +0 dire flail and
                  | wearing a +0 ring mail (severely wounded, about 15% to
                  | evade the +12 glaive of Prune)
 35889 | Vaults:4 | Noticed Jory
 35897 | Vaults:4 | HP: 37/180 [Jory (25)]
 36212 | Vaults:4 | Found Kucwohy's Antique Armour Shop.
 36261 | Vaults:4 | Aim: a vault warden, wielding a +0 arbalest, wearing a +0
                  | plate armour and quivering bolts (heavily wounded, about
                  | 20% to evade the +12 glaive of Prune)
 36261 | Vaults:4 | Aim: a vault warden, wielding a +0 arbalest, wearing a +0
                  | plate armour and quivering bolts (heavily wounded, about
                  | 20% to evade the +12 glaive of Prune)
 36261 | Vaults:4 | Aim: a deep elf demonologist, wielding a +0 long sword and
                  | wearing a +0 ring mail (about 23% to evade the +12 glaive
                  | of Prune)
 36262 | Vaults:4 | Aim: a deep elf demonologist, wielding a +0 long sword and
                  | wearing a +0 ring mail (severely wounded, about 23% to
                  | evade the +12 glaive of Prune)
 36262 | Vaults:4 | Aim: a deep elf demonologist, wielding a +0 long sword and
                  | wearing a +0 ring mail (severely wounded, about 23% to
                  | evade the +12 glaive of Prune)
 36263 | Vaults:4 | Aim: a deep elf demonologist, wielding a +0 long sword and
                  | wearing a +0 ring mail (severely wounded, about 23% to
                  | evade the +12 glaive of Prune)
 36263 | Vaults:4 | Aim: a deep elf demonologist, wielding a +0 long sword and
                  | wearing a +0 ring mail (severely wounded, about 23% to
                  | evade the +12 glaive of Prune)
 36264 | Vaults:4 | Aim: a vault warden, wielding a +0 arbalest, wearing a +0
                  | plate armour and quivering bolts (heavily wounded, about
                  | 20% to evade the +12 glaive of Prune)
 36264 | Vaults:4 | Aim: a vault warden, wielding a +0 arbalest, wearing a +0
                  | plate armour and quivering bolts (heavily wounded, about
                  | 20% to evade the +12 glaive of Prune)
 36265 | Vaults:4 | Aim: a vault warden, wielding a +0 arbalest, wearing a +0
                  | plate armour and quivering bolts (severely wounded, about
                  | 20% to evade the +12 glaive of Prune)
 36265 | Vaults:4 | Aim: a vault warden, wielding a +0 arbalest, wearing a +0
                  | plate armour and quivering bolts (severely wounded, about
                  | 20% to evade the +12 glaive of Prune)
 36266 | Vaults:4 | Aim: an ironbound preserver, wielding a +0 great mace and
                  | wearing a +0 leather armour (wandering, hasn't noticed you,
                  | about 13% to evade the +12 glaive of Prune)
 36266 | Vaults:4 | Aim: an ironbound preserver, wielding a +0 great mace and
                  | wearing a +0 leather armour (wandering, hasn't noticed you,
                  | about 13% to evade the +12 glaive of Prune)
 36267 | Vaults:4 | Aim: an ironbound preserver, wielding a +0 great mace and
                  | wearing a +0 leather armour (lightly wounded, about 13% to
                  | evade the +12 glaive of Prune)
 36267 | Vaults:4 | Aim: an ironbound preserver, wielding a +0 great mace and
                  | wearing a +0 leather armour (lightly wounded, about 13% to
                  | evade the +12 glaive of Prune)
 36268 | Vaults:4 | Aim: an ironbound preserver, wielding a +0 great mace and
                  | wearing a +0 leather armour (heavily wounded, about 13% to
                  | evade the +12 glaive of Prune)
 36268 | Vaults:4 | Aim: an ironbound preserver, wielding a +0 great mace and
                  | wearing a +0 leather armour (heavily wounded, about 13% to
                  | evade the +12 glaive of Prune)
 36550 | Vaults:4 | Aim: Jory, wielding a +4 glaive of flaming and wearing a +0
                  | plate armour (mesmerising, ally target, about 23% to evade
                  | the +12 glaive of Prune)
 36550 | Vaults:4 | Aim: Jory, wielding a +4 glaive of flaming and wearing a +0
                  | plate armour (mesmerising, ally target, about 23% to evade
                  | the +12 glaive of Prune)
 36551 | Vaults:4 | Aim: Jory, wielding a +4 glaive of flaming and wearing a +0
                  | plate armour (mesmerising, ally target, about 23% to evade
                  | the +12 glaive of Prune)
 36551 | Vaults:4 | Aim: Jory, wielding a +4 glaive of flaming and wearing a +0
                  | plate armour (mesmerising, ally target, about 23% to evade
                  | the +12 glaive of Prune)
 36552 | Vaults:4 | Aim: Jory, wielding a +4 glaive of flaming and wearing a +0
                  | plate armour (lightly damaged, mesmerising, ally target,
                  | about 23% to evade the +12 glaive of Prune)
 36552 | Vaults:4 | Aim: Jory, wielding a +4 glaive of flaming and wearing a +0
                  | plate armour (lightly damaged, mesmerising, ally target,
                  | about 23% to evade the +12 glaive of Prune)
 36553 | Vaults:4 | Aim: Jory, wielding a +4 glaive of flaming and wearing a +0
                  | plate armour (lightly damaged, constricted by your larval
                  | fireweird beast, mesmerising, ally target, about 6% to
                  | evade the +12 glaive of Prune)
 36553 | Vaults:4 | Aim: Jory, wielding a +4 glaive of flaming and wearing a +0
                  | plate armour (lightly damaged, constricted by your larval
                  | fireweird beast, mesmerising, ally target, about 6% to
                  | evade the +12 glaive of Prune)
 36554 | Vaults:4 | Aim: Jory, wielding a +4 glaive of flaming and wearing a +0
                  | plate armour (moderately damaged, constricted by your
                  | larval fireweird beast, mesmerising, ally target, about 6%
                  | to evade the +12 glaive of Prune)
 36554 | Vaults:4 | Aim: Jory, wielding a +4 glaive of flaming and wearing a +0
                  | plate armour (moderately damaged, constricted by your
                  | larval fireweird beast, mesmerising, ally target, about 6%
                  | to evade the +12 glaive of Prune)
 36555 | Vaults:4 | Aim: Jory, wielding a +4 glaive of flaming and wearing a +0
                  | plate armour (moderately damaged, constricted by your
                  | larval fireweird beast, mesmerising, ally target, about 6%
                  | to evade the +12 glaive of Prune)
 36555 | Vaults:4 | Aim: Jory, wielding a +4 glaive of flaming and wearing a +0
                  | plate armour (moderately damaged, constricted by your
                  | larval fireweird beast, mesmerising, ally target, about 6%
                  | to evade the +12 glaive of Prune)
 36556 | Vaults:4 | Aim: Jory, wielding a +4 glaive of flaming and wearing a +0
                  | plate armour (moderately damaged, constricted by your
                  | larval fireweird beast, mesmerising, ally target, about 6%
                  | to evade the +12 glaive of Prune)
 36556 | Vaults:4 | Aim: Jory, wielding a +4 glaive of flaming and wearing a +0
                  | plate armour (moderately damaged, constricted by your
                  | larval fireweird beast, mesmerising, ally target, about 6%
                  | to evade the +12 glaive of Prune)
 36557 | Vaults:4 | Aim: Jory, wielding a +4 glaive of flaming and wearing a +0
                  | plate armour (moderately damaged, constricted by your
                  | larval fireweird beast, mesmerising, ally target, about 6%
                  | to evade the +12 glaive of Prune)
 36557 | Vaults:4 | Aim: Jory, wielding a +4 glaive of flaming and wearing a +0
                  | plate armour (moderately damaged, constricted by your
                  | larval fireweird beast, mesmerising, ally target, about 6%
                  | to evade the +12 glaive of Prune)
 36558 | Vaults:4 | Aim: Jory, wielding a +4 glaive of flaming and wearing a +0
                  | plate armour (heavily damaged, constricted by your larval
                  | fireweird beast, mesmerising, ally target, about 6% to
                  | evade the +12 glaive of Prune)
 36558 | Vaults:4 | Aim: Jory, wielding a +4 glaive of flaming and wearing a +0
                  | plate armour (heavily damaged, constricted by your larval
                  | fireweird beast, mesmerising, ally target, about 6% to
                  | evade the +12 glaive of Prune)
 36559 | Vaults:4 | Aim: Jory, wielding a +4 glaive of flaming and wearing a +0
                  | plate armour (heavily damaged, constricted by your larval
                  | fireweird beast, mesmerising, strong, ally target, about 6%
                  | to evade the +12 glaive of Prune)
 36559 | Vaults:4 | Aim: Jory, wielding a +4 glaive of flaming and wearing a +0
                  | plate armour (heavily damaged, constricted by your larval
                  | fireweird beast, mesmerising, strong, ally target, about 6%
                  | to evade the +12 glaive of Prune)
 36560 | Vaults:4 | Aim: Jory, wielding a +4 glaive of flaming and wearing a +0
                  | plate armour (heavily damaged, constricted by your larval
                  | fireweird beast, mesmerising, strong, ally target, about 6%
                  | to evade the +12 glaive of Prune)
 36560 | Vaults:4 | Aim: Jory, wielding a +4 glaive of flaming and wearing a +0
                  | plate armour (heavily damaged, constricted by your larval
                  | fireweird beast, mesmerising, strong, ally target, about 6%
                  | to evade the +12 glaive of Prune)
 36561 | Vaults:4 | Aim: Jory, wielding a +4 glaive of flaming and wearing a +0
                  | plate armour (heavily damaged, constricted by your larval
                  | fireweird beast, mesmerising, strong, ally target, about 6%
                  | to evade the +12 glaive of Prune)
 36561 | Vaults:4 | Aim: Jory, wielding a +4 glaive of flaming and wearing a +0
                  | plate armour (heavily damaged, constricted by your larval
                  | fireweird beast, mesmerising, strong, ally target, about 6%
                  | to evade the +12 glaive of Prune)
 36562 | Vaults:4 | Aim: Jory, wielding a +4 glaive of flaming and wearing a +0
                  | plate armour (heavily damaged, constricted by your larval
                  | fireweird beast, mesmerising, strong, ally target, about 6%
                  | to evade the +12 glaive of Prune)
 36562 | Vaults:4 | Aim: Jory, wielding a +4 glaive of flaming and wearing a +0
                  | plate armour (heavily damaged, constricted by your larval
                  | fireweird beast, mesmerising, strong, ally target, about 6%
                  | to evade the +12 glaive of Prune)
 36563 | Vaults:4 | Aim: Jory, wielding a +4 glaive of flaming and wearing a +0
                  | plate armour (severely damaged, constricted by your larval
                  | fireweird beast, mesmerising, strong, ally target, about 6%
                  | to evade the +12 glaive of Prune)
 36563 | Vaults:4 | Aim: Jory, wielding a +4 glaive of flaming and wearing a +0
                  | plate armour (severely damaged, constricted by your larval
                  | fireweird beast, mesmerising, strong, ally target, about 6%
                  | to evade the +12 glaive of Prune)
 36564 | Vaults:4 | Aim: Jory, wielding a +4 glaive of flaming and wearing a +0
                  | plate armour (severely damaged, constricted by your larval
                  | fireweird beast, mesmerising, strong, ally target, about 6%
                  | to evade the +12 glaive of Prune)
 36564 | Vaults:4 | Aim: Jory, wielding a +4 glaive of flaming and wearing a +0
                  | plate armour (severely damaged, constricted by your larval
                  | fireweird beast, mesmerising, strong, ally target, about 6%
                  | to evade the +12 glaive of Prune)
 36565 | Vaults:4 | Aim: Jory, wielding a +4 glaive of flaming and wearing a +0
                  | plate armour (almost destroyed, constricted by your larval
                  | fireweird beast, mesmerising, strong, ally target, about 6%
                  | to evade the +12 glaive of Prune)
 36565 | Vaults:4 | Aim: Jory, wielding a +4 glaive of flaming and wearing a +0
                  | plate armour (almost destroyed, constricted by your larval
                  | fireweird beast, mesmerising, strong, ally target, about 6%
                  | to evade the +12 glaive of Prune)
 36566 | Vaults:4 | Aim: Jory, wielding a +4 glaive of flaming and wearing a +0
                  | plate armour (almost destroyed, constricted by your larval
                  | fireweird beast, mesmerising, strong, ally target, about 6%
                  | to evade the +12 glaive of Prune)
 36566 | Vaults:4 | Aim: Jory, wielding a +4 glaive of flaming and wearing a +0
                  | plate armour (almost destroyed, constricted by your larval
                  | fireweird beast, mesmerising, strong, ally target, about 6%
                  | to evade the +12 glaive of Prune)
 36566 | Vaults:4 | HP: 20/181 [Jory/crystal spear (46)]
 36664 | Vaults:4 | Killed Jory
 37201 | Vaults:5 | Entered Level 5 of the Vaults
 37203 | Vaults:5 | Noticed a golden dragon
 37491 | Vaults:4 | Reached skill level 7 in Evocations
 37543 | Vaults:5 | Reached skill level 18 in Fighting
 37751 | Vaults:5 | You add the spells Ignite Poison, Portal Projectile and
                  | Disjunction to your library.
 37751 | Vaults:5 | Got the Catalogue of Displaced Transmutation
 37796 | Vaults:4 | Reached skill level 14 in Shields
 37885 | Vaults:5 | Reached skill level 12 in Dodging
 38041 | Vaults:5 | Noticed a golden dragon
 38061 | Vaults:5 | Killed a golden dragon
 38145 | Vaults:4 | Killed a golden dragon
 38145 | Vaults:4 | Identified +0 gold dragon scales
 38147 | Vaults:4 | +0 gold dragon scales {rare}; a golden dragon corpse
 38147 | Vaults:4 | g - +0 gold dragon scales {rare}
 38159 | Vaults:4 | You finish putting on your +0 gold dragon scales {rare}.
 38164 | Vaults:4 | You finish taking off your +0 gold dragon scales {rare}.
 38179 | Vaults:4 | You finish putting on your +0 gold dragon scales {rare}.
 38184 | Vaults:4 | You finish taking off your +0 gold dragon scales {rare}.
 38192 | Vaults:4 | You drop +0 gold dragon scales {rare}.
 38206 | Vaults:5 | Reached XP level 21. HP: 133/189 MP: 27/27
 38210 | Vaults:5 | You are cast into the Abyss!
 38210 | Vaults:5 | Cast into level 2 of the Abyss (a deep elf demonologist)
 38247 | Abyss:2  | Found a corrupted altar of Lugonu.
 38436 | Abyss:2  | Found a corrupted altar of Lugonu.
 38626 | Abyss:3  | Found a viscous altar of Jiyva.
 38737 | Abyss:4  | Reached skill level 8 in Evocations
 39022 | Abyss:4  | Found a transporter.
 39035 | Vaults:5 | You pass through the gate.
 39035 | Vaults:5 | Escaped the Abyss
 39402 | Vaults:5 | Noticed an ancient lich
 39416 | Vaults:5 | Killed an ancient lich
 39417 | Vaults:5 | Reached skill level 15 in Shields
 39607 | Vaults:5 | Identified the +1 robe "Ziuqen" {*Corrode Regen+ MP+9
                  | Str+3}
 39771 | Vaults:5 | a +0 executioner's axe {rare}; a +0 scale mail; a scroll of
                  | amnesia
 39775 | Vaults:5 | Identified the +7 lajatang "Vajiv" {vamp, Str+7}
 39802 | Vaults:5 | Identified the +8 rapier "Honnos" {vorpal, rElec rC+ Str+4}
 39806 | Vaults:5 | a +0 executioner's axe {rare}; a +0 scale mail; a scroll of
                  | amnesia
 39815 | Vaults:5 | a +0 executioner's axe {rare}; a +0 scale mail; a scroll of
                  | amnesia
 39822 | Vaults:5 | Reached skill level 9 in Evocations
 39826 | Vaults:5 | a +0 executioner's axe {rare}; a +0 scale mail; a scroll of
                  | amnesia
 39835 | Vaults:5 | Found Lefanal's Book Boutique.
 39918 | Vaults:5 | Noticed a dread lich
 39972 | Vaults:5 | Killed a dread lich
 39994 | Vaults:5 | Reached skill level 13 in Dodging
 40013 | Vaults:5 | Reached skill level 19 in Fighting
 40037 | Vaults:5 | Identified the +0 ring mail of Winubiq {Rampage Str+5}
 40069 | Vaults:5 | Got a silver rune of Zot
 40286 | Vaults:5 | Identified the +3 quick blade "Hamivion" {holy, rN+ Str-5
                  | Int+4 Dex+5}
 40290 | Vaults:5 | Identified the +7 rapier of Jyut {elec, Fragile Str+3
                  | Int+7}
 40305 | Vaults:5 | Identified the +6 plate armour of the Lute {Str+3 Int+2
                  | Dex+3}
 40736 | Shoals:1 | Entered Level 1 of the Shoals
 40819 | Shoals:1 | You pick up a book of Misfortune and begin reading...
 40819 | Shoals:1 | You add the spells Confusing Touch and Yara's Violent
                  | Unravelling to your library.
 41043 | Shoals:1 | Noticed Donald
 41052 | Shoals:1 | Killed Donald
 41143 | Shoals:1 | Found a hide-covered altar of Uskayaw.
 41229 | Shoals:1 | Identified the +7 longbow of Tenacity {freeze, Fly Will-
                  | SInv}
 41634 | Shoals:2 | Noticed Ilsuiw
 41653 | Shoals:2 | Killed Ilsuiw
 41660 | Shoals:2 | Reached skill level 10 in Evocations
 41669 | Shoals:2 | Gained mutation: You passively map a small area around you.
                  | [potion of mutation]
 41669 | Shoals:2 | Gained mutation: You have an increased reservoir of magic.
                  | (+10% MP) [potion of mutation]
 41669 | Shoals:2 | Gained mutation: [You occasionally shout uncontrollably at
                  | your foes.] [potion of mutation]
 41670 | Shoals:2 | Lost mutation: You passively map a small area around you.
                  | [potion of mutation]
 41670 | Shoals:2 | Lost mutation: [You occasionally shout uncontrollably at
                  | your foes.] [potion of mutation]
 41670 | Shoals:2 | Lost mutation: You have an increased reservoir of magic.
                  | (+10% MP) [potion of mutation]
 41670 | Shoals:2 | Gained mutation: You expend magic power (3 MP) to
                  | strengthen your wands. [potion of mutation]
 41670 | Shoals:2 | Gained mutation: You have large cloven feet. [potion of
                  | mutation]
 41670 | Shoals:2 | Gained mutation: Your system is resistant to poisons.
                  | (rPois) [potion of mutation]
 41759 | Shoals:2 | Reached XP level 22. HP: 201/201 MP: 28/28
 41884 | Shoals:3 | Noticed Nikola
 42003 | Shoals:3 | You pick up a book of Dangerous Friends and begin
                  | reading...
 42003 | Shoals:3 | You add the spells Orb of Destruction and Spellforged
                  | Servitor to your library.
 42238 | Shoals:2 | Identified the +7 hand crossbow of Discretion {elec, Str+5}
 42601 | Shoals:4 | Entered Level 4 of the Shoals
 42701 | Shoals:4 | Got a barnacled rune of Zot
 42936 | Shoals:4 | Got the Disquisition on Dislocation
 42983 | Shoals:4 | Learned a level 5 spell: Manifold Assault
 42986 | Shoals:4 | Found a glowing silver altar of Zin.
 43065 | Shoals:4 | Noticed Bai Suzhen
 43068 | Shoals:4 | Reached skill level 1 in Translocations
 43095 | Shoals:3 | Killed Bai Suzhen
 43405 | Shoals:4 | Reached skill level 2 in Translocations
 43567 | Shoals:3 | Noticed Polyphemus
 43585 | Shoals:3 | Killed Polyphemus
 43652 | Shoals:3 | You pick up a book of Weapons and begin reading...
 43652 | Shoals:3 | You add the spells Excruciating Wounds and Blade Hands to
                  | your library.
 43748 | Shoals:3 | Found an ancient bone altar of Kikubaaqudgha.
 43920 | Shoals:2 | Reached skill level 3 in Translocations
 44045 | Shoals:2 | Killed Nikola
 44452 | Elf:1    | Found Girarir's Antique Armour Boutique.
 44462 | Elf:1    | Reached skill level 14 in Dodging
 44462 | Elf:1    | Reached skill level 11 in Evocations
 44513 | Elf:1    | Reached skill level 4 in Translocations
 44539 | Elf:1    | Found Meenuh's Assorted Antiques.
 44539 | Elf:1    | Found Befup's Armour Shop.
 44544 | Elf:1    | Found Kykhlukk's General Store.
 44547 | Elf:1    | Bought a potion of heal wounds for 120 gold pieces
 44547 | Elf:1    | Bought a scroll of teleportation for 72 gold pieces
 44616 | Elf:1    | Noticed Frances
 44626 | Elf:1    | Killed Frances
 44822 | Elf:1    | You add the spells Summon Ice Beast and Summon Lightning
                  | Spire to your library.
 44822 | Elf:1    | Got the Reference Book on Slavery
 45021 | Elf:2    | Found Oneti's Assorted Antiques.
 45045 | Elf:2    | Reached skill level 5 in Translocations
 45069 | Elf:2    | Reached skill level 20 in Fighting
 45109 | Elf:2    | Found a runed translucent door.
 45332 | Elf:2    | Found a runed translucent door.
 45559 | Elf:2    | Reached skill level 6 in Translocations
 45574 | Elf:2    | HP: 39/203 [+6 lajatang of freezing (25)]
 45998 | Elf:3    | Entered Level 3 of the Elven Halls
 46145 | Elf:3    | Noticed Louise
 46164 | Elf:3    | Killed Louise
 46166 | Elf:3    | a +3 eveningstar of draining {rare}; a +0 plate armour; a
                  | +0 tower shield
 46347 | Elf:3    | Found Irunaag's Jewellery Emporium.
 46530 | Elf:3    | Reached skill level 7 in Translocations
 46600 | Elf:3    | Reached XP level 23. HP: 210/210 MP: 29/29
 47008 | Elf:3    | Reached skill level 8 in Translocations
 47303 | Elf:3    | Identified the +11 glaive "Concordance" {vamp, rCorr Str+7
                  | Stlth-}
 47355 | Elf:3    | Identified the +6 acid dragon scales of Etajiugg {rElec
                  | rF+++ Will- rCorr Str-4}
 47416 | Elf:3    | Identified the +4 great sword of the Original Sin {pain,
                  | Drain Will+ Int+2 SInv}
 47429 | Elf:3    | Identified the +1 leather armour of Unreason {rF- Str+5}
 47447 | Elf:3    | You are cast into the Abyss!
 47447 | Elf:3    | Cast into level 3 of the Abyss (a deep elf demonologist)
 47489 | Abyss:3  | HP: 45/211 [wretched star/lance of force (19)]
 47494 | Abyss:3  | HP: 23/172 [wretched star/lance of force (28)]
 47500 | Abyss:3  | Reached skill level 12 in Evocations
 47504 | Abyss:3  | HP: 37/172 [starcursed mass (2)]
 47512 | Abyss:3  | HP: 39/172 [starcursed mass/accursed screaming (7)]
 48054 | Abyss:4  | Paralysed by accursed screaming for 1 turns
 48057 | Abyss:4  | Paralysed by accursed screaming for 1 turns
 48100 | Abyss:4  | Reached skill level 9 in Translocations
 48142 | Elf:3    | You pass through the gate.
 48142 | Elf:3    | Escaped the Abyss
 48155 | Elf:3    | HP: 38/172 [deep elf master archer/arrow (18)]
 48163 | Abyss:1  | HP: 27/152 [white very ugly thing (13)]
 48181 | Abyss:1  | HP: 43/172 [bone dragon (14)]
 48209 | Abyss:1  | HP: 36/192 [white very ugly thing (13)]
 48210 | Abyss:1  | HP: 3/192 [bone dragon (15)]
 48210 | Abyss:1  | HP: 1/192 [bone dragon (2)]
 48217 | Elf:3    | You pass through the gate.
 48217 | Elf:3    | Escaped the Abyss
 48217 | Elf:3    | HP: 14/192 [deep elf master archer/arrow (17)]
 48224 | Elf:3    | Killed from afar by a deep elf sorcerer

Vanquished Creatures
  A dread lich (Vaults:5)
  An ancient lich (Vaults:5)
  Bai Suzhen (Shoals:3)
  Saint Roka (Vaults:2)
  Frederick (Vaults:2)
  Nikola (Shoals:2)
  2 golden dragons
  Jory (Vaults:4)
  3 bone dragons (Abyss:3)
  4 tentacled monstrosities
  A shard shrike skeleton (Abyss:4)
  Jorgrun (D:10)
  2 liches
  A titan (Vaults:5)
  Asterion (Elf:1)
  A deep elf blademaster (Elf:2)
  Polyphemus (Shoals:3)
  5 tentacled starspawn
  3 deep elf master archers (Elf:3)
  Kirke (D:15)
  A sphinx (shapeshifter) (Vaults:5)
  2 sphinxes
  Donald (Shoals:1)
  Frances (Elf:1)
  6 shadow dragons
  3 tengu reavers
  2 storm dragons (Vaults:5)
  Ilsuiw (Shoals:2)
  A fire giant (Vaults:2)
  Aizul (Spider:3)
  14 vault wardens
  An emperor scorpion (Spider:4)
  2 frost giants
  4 ghost moths
  3 orc warlords
  12 deep elf sorcerers
  3 deep elf elementalists (Elf:3)
  18 ironbound preservers
  Louise (Elf:3)
  3 war gargoyles
  4 stone giants
  4 very ugly things
  10 ironbound thunderhulks
  A lorocyproca (Abyss:4)
  6 deep elf demonologists
  7 dire elephants
  A black draconian (Abyss:3)
  A minotaur (Shoals:1)
  2 spark wasps
  6 entropy weavers
  8 deep elf annihilators (Elf:3)
  2 deep elf death magi
  2 crystal guardians (Vaults:4)
  4 merfolk javelineers
  5 merfolk impalers
  4 ettins
  15 yaktaur captains
  2 great orbs of eyes
  6 deep elf high priests
  31 vault guards
  Erolcha (D:9)
  5 hydras
  The ghost of Deeps the Severer, a journeyman MiFi of Okawaru (D:10)
  8 boulder beetles
  3 peacekeepers
  9 centaur warriors
  A catoblepas (Shoals:3)
  8 ironbound frosthearts
  9 merfolk avatars
  4 alligator snapping turtles
  5 merfolk aquamancers
  Erica (Orc:1)
  8 two-headed ogres
  15 death yaks
  3 tengu warriors
  2 death knights (Vaults:3)
  3 satyrs
  A deep troll earth mage (Vaults:5)
  7 thrashing horrors (Abyss:4)
  35 dancing weapons
  2 hell hogs (Abyss:4)
  5 orc high priests
  13 large abominations
  Nergalle (Lair:2)
  A soul eater (Abyss:4)
  6 hell knights
  13 deep elf knights
  A sun demon (Abyss:2)
  9 sea snakes
  3 wretched stars (Abyss:3)
  3 sixfirhies
  A flayed ghost (Vaults:5)
  2 bog bodies (IceCv)
  4 spatial maelstroms
  A glowing orange brain (shapeshifter) (Vaults:5)
  46 deep trolls
  A glowing orange brain (Abyss:4)
  10 deep elf archers
  12 wizards
  Pikel (D:5)
  11 harpies
  14 orc knights
  5 phantasmal warriors
  24 deep elf pyromancers
  2 necromancers (Vaults:5)
  15 ironbound convokers
  2 oklob plants
  20 orb spiders
  29 wolf spiders
  8 lindwurms
  22 deep elf zephyrmancers
  8 orc sorcerers
  22 fauns
  34 ugly things
  A toenail golem (Abyss:2)
  6 cyclopes
  A moth of wrath (Spider:1)
  2 apocalypse crabs (Abyss:3)
  A stone giant skeleton (Vaults:5)
  12 elephants
  6 manticores
  5 merfolk sirens
  Maurice (Orc:1)
  A worldbinder (Abyss:3)
  8 water nymphs
  2 moths of wrath (shapeshifter)
  9 black mambas
  An orange demon (Abyss:2)
  2 guardian serpents
  A smoke demon (Abyss:4)
  A centaur skeleton (Abyss:2)
  3 torpor snails
  2 gargoyles
  An ice statue (IceCv)
  24 cane toads
  A hellion (Abyss:4)
  5 rime drakes
  16 vault sentinels
  Maggie (D:7)
  2 kobold demonologists (D:13)
  An efreet (D:14)
  14 demonic crawlers
  36 yaktaurs
  A rime drake (shapeshifter) (D:13)
  12 komodo dragons
  A hellwing (Abyss:3)
  An ice devil (IceCv)
  7 tengu conjurers
  2 ancient zymes (Abyss:4)
  3 freezing wraiths (Vaults:4)
  3 anaconda simulacra
  9 trolls
  36 jumping spiders
  24 merfolk
  4 meliai
  4 polar bears
  18 slime creatures
  14 hornets
  18 raiju
  13 snapping turtles
  15 blink frogs
  5 dream sheep
  15 starcursed masses
  A ynoxinul (Abyss:4)
  34 tarantellas
  12 water elementals
  A flying skull (Abyss:4)
  59 redbacks
  2 wraiths
  35 yaks
  A dire elephant simulacrum (IceCv)
  A centaur simulacrum (D:14)
  10 wyverns
  2 fire elementals
  4 basilisks
  A hog (D:15)
  2 death yak simulacra (IceCv)
  A chaos spawn (Abyss:4)
  Menkaure (D:5)
  2 harpy simulacra (IceCv)
  8 wargs
  A spatial vortex (Abyss:4)
  Edmund (D:6)
  2 acid dragons
  24 water moccasins
  A human zombie (Vaults:5)
  40 orc warriors
  4 black bears
  A sky beast (D:6)
  A boggart (Vaults:1)
  A necrophage (D:7)
  6 ogres
  32 wolves (Lair:1)
  7 centaurs
  3 human skeletons
  Blork the orc (D:4)
  7 small abominations
  A gnoll sergeant (D:10)
  3 kobold brigands (D:13)
  9 bullfrogs
  4 two-headed ogre simulacra (IceCv)
  5 earth elementals
  3 scorpions
  2 wyvern zombies (D:6)
  2 wyvern skeletons
  2 elephant simulacra (IceCv)
  5 wights
  11 howler monkeys
  2 jellies (D:6)
  4 centaur zombies
  Crazy Yiuf (D:7)
  3 hounds
  2 quasits (Abyss:2)
  12 orc priests
  A bullfrog skeleton (D:6)
  An iron imp (Abyss:2)
  2 iguanas
  2 hell rats (Lair:2)
  3 troll simulacra (IceCv)
  19 orc wizards
  9 spriggan simulacra (IceCv)
  2 wolf simulacra (IceCv)
  3 howler monkey zombies
  17 gnolls
  4 adders
  4 naga simulacra (IceCv)
  7 river rats (Lair:2)
  9 white imps
  10 ufetubi
  An adder skeleton (D:4)
  A worm (D:2)
  2 dart slugs (D:1)
  67 orcs
  5 endoplasms
  4 giant cockroaches
  11 hobgoblins
  4 jackals (D:1)
  15 kobolds
  3 quokkas
  3 training dummies (D:15)
  8 ball pythons
  6 bats
  4 frilled lizards
  13 goblins
  8 rats
  2 bushes (Lair:4)
  A lurking horror (Abyss:4)
  4 starspawn tentacles
1720 creatures vanquished.

Vanquished Creatures (collateral kills)
  Agnes (D:15)
  A hell knight (Vaults:5)
  2 ugly things (D:15)
  A yaktaur (D:15)
5 creatures vanquished.

Vanquished Creatures (others)
  A merfolk aquamancer (Shoals:4)
  2 wolf spiders (Spider:4)
  An orb spider (Spider:4)
  A water nymph (Shoals:4)
  An unseen horror (D:13)
  A raiju (Abyss:4)
  3 redbacks (Spider:4)
  2 humans (D:15)
  A golden eye (Abyss:4)
  An orc (Vaults:1)
  8 bushes (Lair:4)
  33 fungi
  249 plants
  28 starspawn tentacles
  14 toadstools (Lair:3)
346 creatures vanquished.

Grand Total: 2071 creatures vanquished

Table legend:
 A = Non-vault XP
 B = Vault XP
 C = Vault XP percentage of total XP
 D = Non-vault monster count
 E = Vault monster count
 F = Vault count percentage of total count
                 A         B        C        D         E       F
            +---------+---------+-------+---------+---------+-------
      Total |  435249 |  413478 |  48.7 |    1088 |     694 |  38.9
            +---------+---------+-------+---------+---------+-------
        D:1 |      49 |       0 |   0.0 |      25 |       0 |   0.0
        D:2 |      95 |      10 |   9.5 |      22 |       4 |  15.4
        D:3 |     148 |       0 |   0.0 |      15 |       0 |   0.0
        D:4 |     254 |      94 |  27.0 |      15 |       1 |   6.2
        D:5 |     780 |     823 |  51.3 |      24 |       2 |   7.7
        D:6 |     805 |     158 |  16.4 |      16 |       1 |   5.9
        D:7 |     729 |     435 |  37.4 |      11 |       6 |  35.3
        D:8 |     716 |       0 |   0.0 |      10 |       0 |   0.0
        D:9 |    1936 |     874 |  31.1 |      16 |       1 |   5.9
       D:10 |    3975 |    8490 |  68.1 |      39 |      18 |  31.6
       D:11 |    2858 |     817 |  22.2 |      12 |       1 |   7.7
       D:12 |    7261 |    4110 |  36.1 |      16 |       9 |  36.0
       D:13 |    5788 |    5131 |  47.0 |      18 |       8 |  30.8
       D:14 |   11401 |       0 |   0.0 |      25 |       0 |   0.0
       D:15 |   11298 |    5654 |  33.4 |      23 |      10 |  30.3
     Lair:1 |    3443 |    3879 |  53.0 |      16 |      31 |  66.0
     Lair:2 |    5211 |    1729 |  24.9 |      20 |      13 |  39.4
     Lair:3 |    4510 |    1159 |  20.4 |      15 |       2 |  11.8
     Lair:4 |   11957 |       0 |   0.0 |      27 |       0 |   0.0
     Lair:5 |    5396 |       0 |   0.0 |      15 |       0 |   0.0
     Lair:6 |    9451 |   11444 |  54.8 |      25 |      42 |  62.7
   Shoals:1 |   10083 |    8192 |  44.8 |      24 |      14 |  36.8
   Shoals:2 |   14940 |    6068 |  28.9 |      30 |       5 |  14.3
   Shoals:3 |    9996 |    8407 |  45.7 |      20 |       7 |  25.9
   Shoals:4 |   11791 |   19362 |  62.2 |      23 |      33 |  58.9
   Spider:1 |   20712 |     214 |   1.0 |      55 |       1 |   1.8
   Spider:2 |    6790 |       0 |   0.0 |      16 |       0 |   0.0
   Spider:3 |   10512 |    6431 |  38.0 |      26 |      14 |  35.0
   Spider:4 |   26673 |   23730 |  47.1 |      75 |      47 |  38.5
      Orc:1 |    4515 |    2203 |  32.8 |      34 |       5 |  12.8
      Orc:2 |    2169 |    8415 |  79.5 |      15 |      34 |  69.4
      Elf:1 |   18401 |   14247 |  43.6 |      29 |      19 |  39.6
      Elf:2 |   15232 |   21635 |  58.7 |      24 |      28 |  53.8
      Elf:3 |   11883 |   34372 |  74.3 |      19 |      31 |  62.0
   Vaults:1 |   16688 |   43156 |  72.1 |      28 |      64 |  69.6
   Vaults:2 |   39688 |   28467 |  41.8 |      56 |      38 |  40.4
   Vaults:3 |   34718 |   20755 |  37.4 |      51 |      27 |  34.6
   Vaults:4 |   23776 |   39266 |  62.3 |      28 |      42 |  60.0
   Vaults:5 |   13519 |   64901 |  82.8 |      23 |      50 |  68.5
    Abyss:1 |    2744 |    2286 |  45.4 |       3 |       2 |  40.0
    Abyss:2 |    7138 |       0 |   0.0 |      19 |       0 |   0.0
    Abyss:3 |   14028 |    9354 |  40.0 |      21 |      11 |  34.4
    Abyss:4 |   31192 |     874 |   2.7 |      64 |       2 |   3.0
     Bailey |       0 |    1638 | 100.0 |       0 |      21 | 100.0
      IceCv |       0 |    4698 | 100.0 |       0 |      50 | 100.0
            +---------+---------+-------+---------+---------+-------

Illustrated notes

Table legend:
 A = Kills in this place as a percentage of kills in entire the game.
 B = Kills by you in this place as a percentage of kills by you in the entire game.
 C = Kills by friends in this place as a percentage of kills by friends in the entire game.
 D = Other kills in this place as a percentage of other kills in the entire game.
 E = Experience gained in this place as a percentage of experience gained in the entire game.
 F = Experience gained in this place divided by the number of levels of this place that you have seen.
                   A       B       C       D       E      F
               +-------+-------+-------+-------+-------+----------------------
         Total | 100.0 | 100.0 | 100.0 | 100.0 | 100.0 | 16013.7
       Dungeon |  19.5 |  19.4 |  80.0 |  18.8 |   8.8 | 4979.3
          Lair |  11.6 |  12.0 |   0.0 |   1.4 |   6.9 | 9696.5
        Shoals |   8.8 |   9.0 |   0.0 |   2.9 |  10.5 | 22209.8
   Spider Nest |  13.1 |  11.8 |   0.0 |  46.4 |  11.2 | 23765.5
  Orcish Mines |   4.9 |   5.1 |   0.0 |   1.4 |   2.0 | 8651.0
   Elven Halls |   8.4 |   8.8 |   0.0 |   0.0 |  13.6 | 38590.0
        Vaults |  22.8 |  22.7 |  20.0 |  26.1 |  38.3 | 64986.8
         Abyss |   6.8 |   7.0 |   0.0 |   2.9 |   8.0 | 6146.9
        Bailey |   1.2 |   1.2 |   0.0 |   0.0 |   0.2 | 1638.0
      Ice Cave |   2.8 |   2.9 |   0.0 |   0.0 |   0.6 | 4698.0
               +-------+-------+-------+-------+-------+----------------------

Table legend: (Time is in decaauts)
 A = Elapsed time spent in this place.
 B = Non-inter-level travel time spent in this place.
 C = Inter-level travel time spent in this place.
 D = Time resting spent in this place.
 E = Time spent auto-exploring this place.
 F = Levels seen in this place.
 G = Mean time per level.
                   A        B        C        D        E       F      G
               +--------+--------+--------+--------+--------+-----+--------+
         Total |  49400 |  45718 |   3682 |   4831 |  29528 |  53 |  932.1 |
       Dungeon |  16887 |  15152 |   1735 |   1433 |  11211 |  15 | 1125.8 |
          Lair |   6795 |   6013 |    782 |     24 |   5056 |   6 | 1132.5 |
        Shoals |   3705 |   3440 |    265 |    179 |   1983 |   4 |  926.2 |
   Spider Nest |   4332 |   4184 |    148 |    430 |   2814 |   4 | 1083.0 |
  Orcish Mines |   1617 |   1473 |    144 |    245 |    755 |   2 |  808.5 |
   Elven Halls |   3628 |   3508 |    120 |    689 |   1736 |   3 | 1209.3 |
        Vaults |   9035 |   8551 |    484 |   1017 |   5092 |   5 | 1807.0 |
         Abyss |   1806 |   1806 |      0 |    334 |    389 |  11 |  164.2 |
        Bazaar |    111 |    111 |      0 |      0 |     50 |   1 |  111.0 |
        Bailey |    708 |    708 |      0 |    291 |    116 |   1 |  708.0 |
      Ice Cave |    771 |    771 |      0 |    187 |    323 |   1 |  771.0 |
               +--------+--------+--------+--------+--------+-----+--------+

Top non-repeatable levels by time:
    D:10: 2905 daAuts
Vaults:4: 2286 daAuts
Vaults:2: 2055 daAuts
Vaults:3: 1665 daAuts
Vaults:5: 1642 daAuts
Spider:1: 1560 daAuts
    D:13: 1387 daAuts
Vaults:1: 1384 daAuts
   Elf:3: 1328 daAuts
  Lair:3: 1294 daAuts
  Lair:2: 1243 daAuts
     D:5: 1237 daAuts
Shoals:2: 1229 daAuts
Spider:4: 1216 daAuts
   Elf:2: 1210 daAuts
